Workbook
Name agaf: [1]Formulas!#REF!
Name agaf: [1]Formulas!#REF!
Name agaf: [1]Formulas!#REF!
Name agaf: [1]Formulas!#REF!
Name agaf: [1]Formulas!#REF!
Name agaf: [1]Formulas!#REF!
Name agaf: [1]Formulas!#REF!
Name agaf: [1]Formulas!#REF!
Name agaf: [1]Formulas!#REF!
Name agaf: [1]Formulas!#REF!
Name agaf: [1]Formulas!#REF!
Name agaf: [1]Formulas!#REF!
Name agaf: [1]Formulas!#REF!
Name agaf: [1]Formulas!#REF!
Name agaf: [1]Formulas!#REF!
Name agaf: [1]Formulas!#REF!
Name agaf: [1]Formulas!#REF!
Name agaf: [1]Formulas!#REF!
Name agaf: [1]Formulas!#REF!
Name agaf: [1]Formulas!#REF!
Name agaf: [1]Formulas!#REF!
Name agaf: [1]Formulas!#REF!
Name agaf: [1]Formulas!#REF!
Name agaf: [1]Formulas!#REF!
Name agaf: [1]Formulas!#REF!
Name agaf: [1]Formulas!#REF!
Name agaf: [1]Formulas!#REF!
Name agaf: [1]Formulas!#REF!
Name agaf: [1]Formulas!#REF!
Name agaf: [1]Formulas!#REF!
Name agaf: [1]Formulas!#REF!
Name agaf: [1]Formulas!#REF!
Name agaf: [1]Formulas!#REF!
Name agaf: [1]Formulas!#REF!
Name agaf: [1]Formulas!#REF!
Name agaf: [1]Formulas!#REF!
Name agaf: [1]Formulas!#REF!
Name agaf: [1]Formulas!#REF!
Name agaf: [1]Formulas!#REF!
Name agaf: [1]Formulas!#REF!
Name agaf: [1]Formulas!#REF!
Name agaf: [1]Formulas!#REF!
Name agaf: [1]Formulas!#REF!
Name agaf: [1]Formulas!#REF!
Name agaf: [1]Formulas!#REF!
Name agaf: [1]Formulas!#REF!
Name agaf: [1]Formulas!#REF!
Name agaf: [1]Formulas!#REF!
Name agaf: [1]Formulas!#REF!
Name agaf: [1]Formulas!#REF!
Name agaf: [1]Formulas!#REF!
Name agaf: [1]Formulas!#REF!
Name agaf: [1]Formulas!#REF!
Name agaf: [1]Formulas!#REF!
Name agaf: [1]Formulas!#REF!
Name agaf: [1]Formulas!#REF!
Name agaf: [1]Formulas!#REF!
Name agaf: [1]Formulas!#REF!
Name ampm: [1]Formulas!$C$31:$C$72
Name daysInMonth: [1]Formulas!#REF!

Sheet Advance Clear Form
A3: CASH ADVANCE CLEAR FORM
A5: Date :……………………………………………….
A6: BU/BR/Division :……………………………………………….
A7: Department :………………………………………………..
A8: Advance Issue : …………………………………Kyats/…………………….………USD
B9: No | C9: Issue Time | E9: Date | F9: Payment Voucher No | G9: Amount | I9: Descriptions
G10: USD | H10: Kyats
B11: 1 | C11: 1st Time Advance
B12: 2 | C12: 2nd Time Advance
B13: 3 | C13: 3rd Time Advance
B14: Total Advance
B15: Total Actual
B16: Balance Refund/Additional
B18: Request By | D18: Checked By | F18: Checked By | H18: Approved By | I18: Approved By
B21: …………………………… | D21: …………………………… | F21: ………………………………… | H21: ……………………………. | I21: …………………………….
B22: Requester | D22: Mgr/DH | F22: Finance & Account | H22: GM/AGM/COO | I22: CMC
I23: 04-CFD-CAS-FRM-002-03
A27: CASH ADVANCE CLEAR FORM
A29: Date :……………………………………………….
A30: BU/BR/Division :……………………………………………….
A31: Department :………………………………………………..
A32: Advance Issue : …………………………………Kyats/…………………….………USD
B33: No | C33: Issue Time | E33: Date | F33: Payment Voucher No | G33: Amount | I33: Descriptions
G34: USD | H34: Kyats
B35: 1 | C35: 1st Time Advance
B36: 2 | C36: 2nd Time Advance
B37: 3 | C37: 3rd Time Advance
B38: Total Advance
B39: Total Actual
B40: Balance Refund/Additional
B42: Request By | D42: Checked By | F42: Checked By | H42: Approved By | I42: Approved By
B45: …………………………… | D45: …………………………… | F45: ………………………………… | H45: ……………………………. | I45: …………………………….
B46: Requester | D46: Mgr/DH | F46: Finance & Account | H46: GM/AGM/COO | I46: CMC
I47: 04-CFD-CAS-FRM-002-03

Sheet 24-Sep-2020
A4: CASH ADVANCE CLEAR FORM
A6: Date : 24-Sep-2020
A7: BU/BR/Division : PSG
A8: Department : Procurement Dept:
A9: Advance Issue : 321,955.15Kyats/…….………USD
B10: No | C10: Issue Time | E10: Date | F10: Payment Voucher No | G10: Amount | I10: Descriptions
G11: USD | H11: Kyats
B12: 1 | C12: 1st Time Advance | E12: 44085 | F12: WW-ADV2020090039 | G12: - | H12: 500000 | I12: For DHL Duty Charges
B13: 2 | C13: 2nd Time Advance
B14: 3 | C14: 3rd Time Advance
B15: Total Advance | H15: =H12 -> 500000
B16: Total Actual | H16: 178044.85
B17: Balance Refund/Additional | H17: =H15-H16 -> 321955.15
B19: Request By | D19: Checked By | F19: Checked By | H19: Approved By | I19: Approved By
B22: Mi Mi Ko | D22: Mi Mi Ko | F22: Khin Aye Kyu | H22: Phyo Thu | I22: …………………………….
B23: Requester | D23: Mgr/DH | F23: Finance & Account | H23: GM/AGM/COO | I23: CMC
I24: 04-CFD-CAS-FRM-002-03

Sheet 10-Oct-2020 (Local)
A4: CASH ADVANCE CLEAR FORM
A6: Date : 10-Oct-2020
A7: BU/BR/Division : PSG
A8: Department : Procurement Dept:
A9: Advance Issue : 130,000 Kyats/…….………USD
B10: No | C10: Issue Time | E10: Date | F10: Payment Voucher No | G10: Amount | I10: Descriptions
G11: USD | H11: Kyats
B12: 1 | C12: 1st Time Advance | E12: 44085 | F12: WW-ADV2020090040 | G12: - | H12: 300000 | I12: WW-PRT-PO-20090014 - Stock WW-PRT-PO-20100002 - Stock
B13: 2 | C13: 2nd Time Advance | E13: 44111 | F13: WW-ADV2020100003 | G13: - | H13: 450000 | I13: WW-PRT-PO-20100001 for MGW,CHID Bank
B14: 3 | C14: 3rd Time Advance
B15: Total Advance | H15: =H12+H13 -> 750000
B16: Total Actual | H16: =170000+450000 -> 620000
B17: Balance Refund/Additional | H17: =H15-H16 -> 130000
B19: Request By | D19: Checked By | F19: Checked By | H19: Approved By | I19: Approved By
B22: Mi Mi Ko | D22: Mi Mi Ko | F22: Khin Aye Kyu | H22: Phyo Thu | I22: …………………………….
B23: Requester | D23: Mgr/DH | F23: Finance & Account | H23: GM/AGM/COO | I23: CMC
I24: 04-CFD-CAS-FRM-002-03
H27: 52781 | I27: =H27*3 -> 158343
H28: =H27*98% -> 51725.38 | I28: =I27*2% -> 3166.86
H29: =H28+250 -> 51975.38 | I29: =I27-I28 -> 155176.14
H30: 155926 | I30: 750
H31: =H30/3 -> 51975.333 | I31: =SUM(I29:I30) -> 155926.14
I32: 51975.38

Sheet 10-Oct-2020 (DHL)
A4: CASH ADVANCE CLEAR FORM
A6: Date : 10-Oct-2020
A7: BU/BR/Division : PSG
A8: Department : Procurement Dept:
A9: Advance Issue : 366,036.28Kyats/…….………USD
B10: No | C10: Issue Time | E10: Date | F10: Payment Voucher No | G10: Amount | I10: Descriptions
G11: USD | H11: Kyats
B12: 1 | C12: 1st Time Advance | E12: 44102 | F12: WW-ADV2020090045 | G12: - | H12: 500000 | I12: For DHL Duty Charges
B13: 2 | C13: 2nd Time Advance
B14: 3 | C14: 3rd Time Advance
B15: Total Advance | H15: =H12 -> 500000
B16: Total Actual | H16: 133963.72
B17: Balance Refund/Additional | H17: =H15-H16 -> 366036.28
B19: Request By | D19: Checked By | F19: Checked By | H19: Approved By | I19: Approved By
B22: Mi Mi Ko | D22: Mi Mi Ko | F22: Khin Aye Kyu | H22: Phyo Thu | I22: …………………………….
B23: Requester | D23: Mgr/DH | F23: Finance & Account | H23: GM/AGM/COO | I23: CMC
I24: 04-CFD-CAS-FRM-002-03

Sheet 7-Nov-2020 (DHL)
A4: CASH ADVANCE CLEAR FORM
A6: Date : 7-Nov-2020
A7: BU/BR/Division : PSG
A8: Department : Procurement Dept:
A9: Advance Issue : 500,000Kyats/…….………USD
B10: No | C10: Issue Time | E10: Date | F10: Payment Voucher No | G10: Amount | I10: Descriptions
G11: USD | H11: Kyats
B12: 1 | C12: 1st Time Advance | E12: 44125 | F12: WW-ADV2020100021 | G12: - | H12: 500000 | I12: For DHL Duty Charges
B13: 2 | C13: 2nd Time Advance | N13: 66064.49
B14: 3 | C14: 3rd Time Advance | N14: 30305.91
B15: Total Advance | H15: =H12 -> 500000 | N15: 67000.26
B16: Total Actual | H16: 498545.91 | N16: 67454.21
B17: Balance Refund/Additional | H17: =H15-H16 -> 1454.09
B19: Request By | D19: Checked By | F19: Checked By | H19: Approved By | I19: Approved By
B22: Chaw Chaw | D22: Mi Mi Ko | F22: Khin Aye Kyu | H22: Phyo Thu | I22: …………………………….
B23: Requester | D23: Mgr/DH | F23: Finance & Account | H23: GM/AGM/COO | I23: CMC
I24: 04-CFD-CAS-FRM-002-03

Sheet 7-Nov-2020 (Local)
A4: CASH ADVANCE CLEAR FORM
A6: Date : 7-Nov-2020
A7: BU/BR/Division : PSG
A8: Department : Procurement Dept:
A9: Advance Issue : 300,000Kyats/…….………USD
B10: No | C10: Issue Time | E10: Date | F10: Payment Voucher No | G10: Amount | I10: Descriptions
G11: USD | H11: Kyats
B12: 1 | C12: 1st Time Advance | E12: 44125 | F12: WW-ADV2020100022 | G12: - | H12: 300000 | I12: WW-PRT-PO-20100028 - Rental & Stock
B13: 2 | C13: 2nd Time Advance | N13: 66064.49
B14: 3 | C14: 3rd Time Advance
B15: Total Advance | H15: =H12 -> 300000
B16: Total Actual | H16: 70000
B17: Balance Refund/Additional | H17: =H15-H16 -> 230000
B19: Request By | D19: Checked By | F19: Checked By | H19: Approved By | I19: Approved By
B22: Chaw Chaw | D22: Mi Mi Ko | F22: Khin Aye Kyu | H22: Phyo Thu | I22: …………………………….
B23: Requester | D23: Mgr/DH | F23: Finance & Account | H23: GM/AGM/COO | I23: CMC
I24: 04-CFD-CAS-FRM-002-03

Sheet 25-Nov-2020 (DHL)
A4: CASH ADVANCE CLEAR FORM
A6: Date : 25-Nov-2020
A7: BU/BR/Division : PSG
A8: Department : Procurement Dept:
A9: Advance Issue : 500,000Kyats/…….………USD
B10: No | C10: Issue Time | E10: Date | F10: Payment Voucher No | G10: Amount | I10: Descriptions
G11: USD | H11: Kyats
B12: 1 | C12: 1st Time Advance | E12: 44145 | F12: WW-ADV2020110013 | G12: - | H12: 500000 | I12: For DHL Duty Charges
B13: 2 | C13: 2nd Time Advance | N13: 66064.49
B14: 3 | C14: 3rd Time Advance | N14: 30305.91
B15: Total Advance | H15: =H12 -> 500000 | N15: 67000.26
B16: Total Actual | H16: 176787.31 | N16: 67454.21
B17: Balance Refund/Additional | H17: =H15-H16 -> 323212.69
B19: Request By | D19: Checked By | F19: Checked By | H19: Approved By | I19: Approved By
B22: Chaw Chaw | D22: Mi Mi Ko | F22: Khin Aye Kyu | H22: Phyo Thu | I22: …………………………….
B23: Requester | D23: Mgr/DH | F23: Finance & Account | H23: GM/AGM/COO | I23: CMC
I24: 04-CFD-CAS-FRM-002-03

Sheet 25-Nov-2020 (Local)
A4: CASH ADVANCE CLEAR FORM
A6: Date : 25-Nov-2020
A7: BU/BR/Division : PSG
A8: Department : Procurement Dept:
A9: Advance Issue : 300,000Kyats/…….………USD
B10: No | C10: Issue Time | E10: Date | F10: Payment Voucher No | G10: Amount | I10: Descriptions
G11: USD | H11: Kyats
B12: 1 | C12: 1st Time Advance | E12: 44145 | F12: WW-ADV2020110014 | G12: - | H12: 300000 | I12: WW-PRT-PO-20110014 - SDG customer Supereme power
B13: 2 | C13: 2nd Time Advance
B14: 3 | C14: 3rd Time Advance
B15: Total Advance | H15: =H12 -> 300000
B16: Total Actual | H16: 154016.93
B17: Balance Refund/Additional | H17: =H15-H16 -> 145983.07
B19: Request By | D19: Checked By | F19: Checked By | H19: Approved By | I19: Approved By
B22: Chaw Chaw | D22: Mi Mi Ko | F22: Khin Aye Kyu | H22: Phyo Thu | I22: …………………………….
B23: Requester | D23: Mgr/DH | F23: Finance & Account | H23: GM/AGM/COO | I23: CMC
I24: 04-CFD-CAS-FRM-002-03

Sheet 4-Dec-2020 (DHL)
A4: CASH ADVANCE CLEAR FORM
A6: Date : 4-Dec-2020
A7: BU/BR/Division : PSG
A8: Department : Procurement Dept:
A9: Advance Issue : 500,000Kyats/…….………USD
B10: No | C10: Issue Time | E10: Date | F10: Payment Voucher No | G10: Amount | I10: Descriptions
G11: USD | H11: Kyats
B12: 1 | C12: 1st Time Advance | E12: 44160 | F12: WW-ADV2020110027 | G12: - | H12: 500000 | I12: For DHL Duty Charges
B13: 2 | C13: 2nd Time Advance | N13: 66064.49
B14: 3 | C14: 3rd Time Advance | N14: 30305.91
B15: Total Advance | H15: =H12 -> 500000 | N15: 67000.26
B16: Total Actual | H16: 224890.57 | N16: 67454.21
B17: Balance Refund/Additional | H17: =H15-H16 -> 275109.43
B19: Request By | D19: Checked By | F19: Checked By | H19: Approved By | I19: Approved By
B22: Chaw Chaw | D22: Mi Mi Ko | F22: Khin Aye Kyu | H22: Phyo Thu | I22: …………………………….
B23: Requester | D23: Mgr/DH | F23: Finance & Account | H23: GM/AGM/COO | I23: CMC
I24: 04-CFD-CAS-FRM-002-03

Sheet 4-Dec-2020 (Local)
A4: CASH ADVANCE CLEAR FORM
A6: Date : 4-Dec-2020
A7: BU/BR/Division : PSG
A8: Department : Procurement Dept:
A9: Advance Issue : 500,000Kyats/…….………USD
B10: No | C10: Issue Time | E10: Date | F10: Payment Voucher No | G10: Amount | I10: Descriptions
G11: USD | H11: Kyats
B12: 1 | C12: 1st Time Advance | E12: 44160 | F12: WW-ADV2020110028 | G12: - | H12: 300000 | I12: For Local Purchase Charges
B13: 2 | C13: 2nd Time Advance | N13: 66064.49
B14: 3 | C14: 3rd Time Advance | N14: 30305.91
B15: Total Advance | H15: =H12 -> 300000 | N15: 67000.26
B16: Total Actual | H16: 0 | N16: 67454.21
B17: Balance Refund/Additional | H17: =H15-H16 -> 300000
B19: Request By | D19: Checked By | F19: Checked By | H19: Approved By | I19: Approved By
B22: Chaw Chaw | D22: Mi Mi Ko | F22: Khin Aye Kyu | H22: Phyo Thu | I22: …………………………….
B23: Requester | D23: Mgr/DH | F23: Finance & Account | H23: GM/AGM/COO | I23: CMC
I24: 04-CFD-CAS-FRM-002-03

Sheet 15-Dec-20 (DHL)
A4: CASH ADVANCE CLEAR FORM
A6: Date : 15-Dec-2020
A7: BU/BR/Division : PSG
A8: Department : Procurement Dept:
A9: Advance Issue : 500,000Kyats/…….………USD
B10: No | C10: Issue Time | E10: Date | F10: Payment Voucher No | G10: Amount | I10: Descriptions
G11: USD | H11: Kyats
B12: 1 | C12: 1st Time Advance | E12: 44173 | F12: WW-ADV2020120007 | G12: - | H12: 500000 | I12: For DHL Duty Charges
B13: 2 | C13: 2nd Time Advance
B14: 3 | C14: 3rd Time Advance
B15: Total Advance | H15: =H12 -> 500000
B16: Total Actual | H16: 297387.85
B17: Balance Refund/Additional | H17: =H15-H16 -> 202612.15
B19: Request By | D19: Checked By | F19: Checked By | H19: Approved By | I19: Approved By
B22: Chaw Chaw | D22: Mi Mi Ko | F22: Khin Aye Kyu | H22: Phyo Thu | I22: …………………………….
B23: Requester | D23: Mgr/DH | F23: Finance & Account | H23: GM/AGM/COO | I23: CMC
I24: 04-CFD-CAS-FRM-002-03

Sheet 7-Jan-2021
A4: CASH ADVANCE CLEAR FORM
A6: Date : 7-Jan-2021
A7: BU/BR/Division : PSG
A8: Department : Procurement Dept:
A9: Advance Issue : 500,000Kyats/…….………USD
B10: No | C10: Issue Time | E10: Date | F10: Payment Voucher No | G10: Amount | I10: Descriptions
G11: USD | H11: Kyats
B12: 1 | C12: 1st Time Advance | E12: 44173 | F12: WW-ADV2020120032 | G12: - | H12: 500000 | I12: For DHL Duty Charges
B13: 2 | C13: 2nd Time Advance
B14: 3 | C14: 3rd Time Advance
B15: Total Advance | H15: =H12 -> 500000
B16: Total Actual | H16: 258665.87
B17: Balance Refund/Additional | H17: =H15-H16 -> 241334.13
B19: Request By | D19: Checked By | F19: Checked By | H19: Approved By | I19: Approved By
B22: Chaw Chaw | D22: Mi Mi Ko | F22: Khin Aye Kyu | H22: Phyo Thu | I22: …………………………….
B23: Requester | D23: Mgr/DH | F23: Finance & Account | H23: GM/AGM/COO | I23: CMC
I24: 04-CFD-CAS-FRM-002-03

Sheet 15-Jan-21
A4: CASH ADVANCE CLEAR FORM
A6: Date : 18-Jan-2021
A7: BU/BR/Division : PSG
A8: Department : Procurement Dept:
A9: Advance Issue : 500,000Kyats/…….………USD
B10: No | C10: Issue Time | E10: Date | F10: Payment Voucher No | G10: Amount | I10: Descriptions
G11: USD | H11: Kyats
B12: 1 | C12: 1st Time Advance | E12: 44214 | F12: WW-ADV2020120032 | G12: - | H12: 500000 | I12: For DHL Duty Charges
B13: 2 | C13: 2nd Time Advance
B14: 3 | C14: 3rd Time Advance
B15: Total Advance | H15: =H12 -> 500000
B16: Total Actual | H16: 212454.11
B17: Balance Refund/Additional | H17: =H15-H16 -> 287545.89
B19: Request By | D19: Checked By | F19: Checked By | H19: Approved By | I19: Approved By
B22: Chaw Chaw | D22: Mi Mi Ko | F22: Khin Aye Kyu | H22: Phyo Thu | I22: …………………………….
B23: Requester | D23: Mgr/DH | F23: Finance & Account | H23: GM/AGM/COO | I23: CMC
I24: 04-CFD-CAS-FRM-002-03

Sheet 3-Feb-21
A4: CASH ADVANCE CLEAR FORM
A6: Date : 3-Feb-2021
A7: BU/BR/Division : PSG
A8: Department : Procurement Dept:
A9: Advance Issue : 500,000Kyats/…….………USD
B10: No | C10: Issue Time | E10: Date | F10: Payment Voucher No | G10: Amount | I10: Descriptions
G11: USD | H11: Kyats
B12: 1 | C12: 1st Time Advance | E12: 44217 | F12: WW-ADV2021010046 | G12: - | H12: 500000 | I12: For DHL Duty Charges
B13: 2 | C13: 2nd Time Advance
B14: 3 | C14: 3rd Time Advance
B15: Total Advance | H15: =H12 -> 500000
B16: Total Actual | H16: 136060.3
B17: Balance Refund/Additional | H17: =H15-H16 -> 363939.7
B19: Request By | D19: Checked By | F19: Checked By | H19: Approved By | I19: Approved By
B22: Chaw Chaw | D22: Mi Mi Ko | F22: Khin Aye Kyu | H22: Phyo Thu | I22: …………………………….
B23: Requester | D23: Mgr/DH | F23: Finance & Account | H23: GM/AGM/COO | I23: CMC
I24: 04-CFD-CAS-FRM-002-03

Sheet 11-Mar-21
A4: CASH ADVANCE CLEAR FORM
A6: Date : 11-Mar-2021
A7: BU/BR/Division : PSG
A8: Department : Procurement Dept:
A9: Advance Issue : 400,000Kyats/…….………USD
B10: No | C10: Issue Time | E10: Date | F10: Payment Voucher No | G10: Amount | I10: Descriptions
G11: USD | H11: Kyats
B12: 1 | C12: 1st Time Advance | E12: 44244 | F12: WW-ADV2021020031 | G12: - | H12: 400000 | I12: For DHL Duty Charges PSG-ADV-DHL-009-02-21
B13: 2 | C13: 2nd Time Advance
B14: 3 | C14: 3rd Time Advance
B15: Total Advance | H15: =H12 -> 400000
B16: Total Actual | H16: 298724.41
B17: Balance Refund/Additional | H17: =H15-H16 -> 101275.59
B19: Request By | D19: Checked By | F19: Checked By | H19: Approved By | I19: Approved By
B22: Chaw Chaw | D22: Mi Mi Ko | F22: Khin Aye Kyu | H22: Phyo Thu | I22: …………………………….
B23: Requester | D23: Mgr/DH | F23: Finance & Account | H23: GM/AGM/COO | I23: CMC
I24: 04-CFD-CAS-FRM-002-03

Sheet Attach
A1: 44214
A2: No | B2: AWB No | C2: PO No | D2: Amount (MMK)
A3: 1 | B3: 1193043935 | C3: WW-PRT-PO-20120038 DWI,KDDPC (U Thein Lwin) and WW-PRT-PO-20120039 KDDPC | D3: 67965.81
A4: =A3+1 -> 2 | B4: 2249140110 | C4: WW-PRT-PO-20110007 SDG, Yadanar Htun | D4: 68017.9
A5: =A4+1 -> 3 | B5: 4188203040 | C5: WW-PRT-PO-20120039 DWI, U Maung Maung | D5: 68470.4
A6: =A5+1 -> 4 | B6: - | C6: Transportation charges Muse to Ygn | D6: 8000
A7: Total Amount DHL Duty (MMK) | D7: =SUM(D2:D6) -> 212454.11
A8: Advance Amount (MMK) | D8: 500000
A9: Additional / Refund Amount (MMK) | D9: =D8-D7 -> 287545.89
A11: 44230
A12: No | B12: AWB No | C12: PO No | D12: Amount (MMK)
A13: 1 | B13: 2831017534 | C13: WW-PRT-PO-21010008 NPT, U Hein Zin / WW-PRT-PO-21010014 SDG, U Thein | D13: 68645.92
A14: =A13+1 -> 2 | B14: 2831014093 | C14: WW-PRT-PO-21010001 Stock Order | D14: 67414.38
A15: Total Amount DHL Duty (MMK) | D15: =SUM(D13:D14) -> 136060.3
A16: Advance Amount (MMK) | D16: 500000
A17: Additional / Refund Amount (MMK) | D17: =D16-D15 -> 363939.7
A19: 44266
A20: No | B20: AWB No | C20: PO No | D20: Amount (MMK)
A21: 1 | B21: 4493133271 | C21: WW-PRT-PO-21010014 ~ U Thein | D21: 67348.48
A22: 2 | B22: 4493133643 | C22: WW-PRT-PO-21010002 ~ Stock Order | D22: 28832.96
A23: 3 | B23: 1418799233 | C23: WW-PRT-PO-20110007 ~ SDG, Yadanar Thein Htike Aung | D23: 61382.06
A24: 4 | B24: 8370956775 | C24: WW-PRT-PO-21010001 ~ Stock Order | D24: 70179.48
A25: 5 | B25: 3146795341 | C25: WW-PRT-PO-21010014/WW-PRT-PO-21010015 ~ U Thein | D25: 70981.43
A26: Total Amount DHL Duty (MMK) | D26: =SUM(D21:D25) -> 298724.41
A27: Advance Amount (MMK) | D27: 400000
A28: Additional / Refund Amount (MMK) | D28: =D27-D26 -> 101275.59

Sheet 26-May-21 Project
A4: CASH ADVANCE CLEAR FORM
A6: Date : 26-May-2021
A7: BU/BR/Division : PSG
A8: Department : Project Dept:
A9: Advance Issue : 320,000Kyats/…….………USD
B10: No | C10: Issue Time | E10: Date | F10: Payment Voucher No | G10: Amount | I10: Descriptions
G11: USD | H11: Kyats
B12: 1 | C12: 1st Time Advance | E12: 44230 | F12: HQT-ADV-2021-02-0028 | G12: - | H12: 320000 | I12: To buy EPSON Printer for Project Dept and Adv issued by Yee Mon Htet.
B13: 2 | C13: 2nd Time Advance
B14: 3 | C14: 3rd Time Advance
B15: Total Advance | H15: =H12 -> 320000
B16: Total Actual | H16: 331500
B17: Balance Refund/Additional | H17: =H15-H16 -> -11500
B19: Request By | D19: Checked By | F19: Checked By | H19: Approved By | I19: Approved By
I22: …………………………….
B23: Requester | D23: Mgr/DH | F23: Finance & Account | H23: GM/AGM/COO | I23: CMC
I24: 04-CFD-CAS-FRM-002-03

Sheet 27-May-21 DHL
A4: CASH ADVANCE CLEAR FORM
A6: Date : 27-May-2021
A7: BU/BR/Division : PSG
A8: Department : Project Dept:
A9: Advance Issue : 300,000Kyats/…….………USD
B10: No | C10: Issue Time | E10: Date | F10: Payment Voucher No | G10: Amount | I10: Descriptions
G11: USD | H11: Kyats
B12: 1 | C12: 1st Time Advance | E12: 44313 | F12: WW-ADV2021040037 | G12: - | H12: 300000 | I12: DHL Duty Charges
B13: 2 | C13: 2nd Time Advance
B14: 3 | C14: 3rd Time Advance
B15: Total Advance | H15: =H12 -> 300000
B16: Total Actual | H16: 23448.82
B17: Balance Refund/Additional | H17: =H15-H16 -> 276551.18
B19: Request By | D19: Checked By | F19: Checked By | H19: Approved By | I19: Approved By
I22: …………………………….
B23: Requester | D23: Mgr/DH | F23: Finance & Account | H23: GM/AGM/COO | I23: CMC
I24: 04-CFD-CAS-FRM-002-03

Sheet 7-Jun-21
A4: CASH ADVANCE CLEAR FORM
A6: Date : 7-Jun-2021
A7: BU/BR/Division : PSG
A8: Department : Project Dept:
A9: Advance Issue : 400,000Kyats/…….………USD
B10: No | C10: Issue Time | E10: Date | F10: Payment Voucher No | G10: Amount | I10: Descriptions
G11: USD | H11: Kyats
B12: 1 | C12: 1st Time Advance | E12: 44343 | F12: WW-ADV2021050073 | G12: - | H12: 400000 | I12: DHL Duty Charges
B13: 2 | C13: 2nd Time Advance
B14: 3 | C14: 3rd Time Advance
B15: Total Advance | H15: =H12 -> 400000
B16: Total Actual | H16: =' WW-ADV2024050036 Attach'!#REF! -> #REF!
B17: Balance Refund/Additional | H17: =H15-H16 -> #REF!
B19: Request By | D19: Checked By | F19: Checked By | H19: Approved By | I19: Approved By
I22: …………………………….
B23: Requester | D23: Mgr/DH | F23: Finance & Account | H23: GM/AGM/COO | I23: CMC
I24: 04-CFD-CAS-FRM-002-03

Sheet 28-Jun-21 DHL
A4: CASH ADVANCE CLEAR FORM
A6: Date : 28-Jun-2021
A7: BU/BR/Division : PSG
A8: Department : Project Dept:
A9: Advance Issue : 500,000Kyats/…….………USD
B10: No | C10: Issue Time | E10: Date | F10: Payment Voucher No | G10: Amount | I10: Descriptions
G11: USD | H11: Kyats
B12: 1 | C12: 1st Time Advance | E12: 44361 | F12: WW-ADV2021060014 | G12: - | H12: 500000 | I12: DHL Duty Charges
B13: 2 | C13: 2nd Time Advance
B14: 3 | C14: 3rd Time Advance
B15: Total Advance | H15: =H12 -> 500000
B16: Total Actual | H16: 446296.13
B17: Balance Refund/Additional | H17: =H15-H16 -> 53703.87
B19: Request By | D19: Checked By | F19: Checked By | H19: Approved By | I19: Approved By
I22: …………………………….
B23: Requester | D23: Mgr/DH | F23: Finance & Account | H23: GM/AGM/COO | I23: CMC
I24: 04-CFD-CAS-FRM-002-03

Sheet 26-Jul-21
A4: CASH ADVANCE CLEAR FORM
A6: Date : 26-Jul-2021
A7: BU/BR/Division : PSG
A8: Department : Project Dept:
A9: Advance Issue : 900,000Kyats/…….………USD
B10: No | C10: Issue Time | E10: Date | F10: Payment Voucher No | G10: Amount | I10: Descriptions
G11: USD | H11: Kyats
B12: 1 | C12: 1st Time Advance | E12: 44392 | F12: WW-ADV2021070038 | G12: - | H12: 900000 | I12: DHL Duty Charges
B13: 2 | C13: 2nd Time Advance
B14: 3 | C14: 3rd Time Advance
B15: Total Advance | H15: =H12 -> 900000
B16: Total Actual | H16: =69152.44+81168.36 -> 150320.8
B17: Balance Refund/Additional | H17: =H15-H16 -> 749679.2
B19: Request By | D19: Checked By | F19: Checked By | H19: Approved By | I19: Approved By
I22: …………………………….
B23: Requester | D23: Mgr/DH | F23: Finance & Account | H23: GM/AGM/COO | I23: CMC
I24: 04-CFD-CAS-FRM-002-03

Sheet 24-Aug-21
A4: CASH ADVANCE CLEAR FORM
A6: Date : 24-Aug-2021
A7: BU/BR/Division : PSG
A8: Department : Project Dept:
A9: Advance Issue : 800,000Kyats/…….………USD
B10: No | C10: Issue Time | E10: Date | F10: Payment Voucher No | G10: Amount | I10: Descriptions
G11: USD | H11: Kyats
B12: 1 | C12: 1st Time Advance | E12: 44422 | F12: WW-ADV2021080038 | G12: - | H12: 800000 | I12: DHL Duty Charges PSG-ADV-DHL-014-08-21
B13: 2 | C13: 2nd Time Advance
B14: 3 | C14: 3rd Time Advance
B15: Total Advance | H15: =H12 -> 800000
B16: Total Actual | H16: =231151.64 -> 231151.64
B17: Balance Refund/Additional | H17: =H15-H16 -> 568848.36 | K17: =H17-500000 -> 68848.36 | M17: 423573.29
M18: 75000
B19: Request By | D19: Checked By | F19: Checked By | H19: Approved By | I19: Approved By | M19: =SUM(M17:M18) -> 498573.29
M20: =1000000-M19 -> 501426.71 | N20: =M20+K17 -> 570275.07
B22: ……………………………. | D22: ……………………………. | F22: ……………………………. | H22: ……………………………. | I22: …………………………….
B23: Requester | D23: Mgr/DH | F23: Finance & Account | H23: GM/AGM/COO | I23: CMC
I24: 04-CFD-CAS-FRM-002-03

Sheet 21-SEp-21
A4: CASH ADVANCE CLEAR FORM
A6: Date : 21-Sep-2021
A7: BU/BR/Division : PSG
A8: Department : Project Dept:
A9: Advance Issue : 500,000Kyats/…….………USD
B10: No | C10: Issue Time | E10: Date | F10: Payment Voucher No | G10: Amount | I10: Descriptions
G11: USD | H11: Kyats | M11: 25951.16
B12: 1 | C12: 1st Time Advance | E12: 44460 | F12: WW-ADV2021080058 | G12: - | H12: 500000 | I12: DHL Duty Charges PSG-ADV-DHL-015-08-21 | M12: 44979.41 | N12: =M12+M13 -> 108352.39
B13: 2 | C13: 2nd Time Advance | M13: 63372.98
B14: 3 | C14: 3rd Time Advance | M14: 67183.9
B15: Total Advance | H15: =H12 -> 500000 | M15: =SUM(M11:M14) -> 201487.45
B16: Total Actual | H16: 201487.45
B17: Balance Refund/Additional | H17: =H15-H16 -> 298512.55
B19: Request By | D19: Checked By | F19: Checked By | H19: Approved By | I19: Approved By
B22: ……………………………. | D22: ……………………………. | F22: ……………………………. | H22: ……………………………. | I22: …………………………….
B23: Requester | D23: Mgr/DH | F23: Finance & Account | H23: GM/AGM/COO | I23: CMC
I24: 04-CFD-CAS-FRM-002-03

Sheet 10-Oct-21
A4: CASH ADVANCE CLEAR FORM
A6: Date : 11-Oct-2021
A7: BU/BR/Division : PSG
A8: Department : Procurement Dept:
A9: Advance Issue : 300,000Kyats/…….………USD
B10: No | C10: Issue Time | E10: Date | F10: Payment Voucher No | G10: Amount | I10: Descriptions
G11: USD | H11: Kyats
B12: 1 | C12: 1st Time Advance | E12: 44460 | F12: WW-ADV2021090051 | G12: - | H12: 300000 | I12: DHL Duty Charges PSG-ADV-DHL-016-09-21
B13: 2 | C13: 2nd Time Advance
B14: 3 | C14: 3rd Time Advance
B15: Total Advance | H15: =H12 -> 300000
B16: Total Actual | H16: =N31 -> 404860.46
B17: Balance Refund/Additional | H17: =H15-H16 -> -104860.46
B19: Request By | D19: Checked By | F19: Checked By | H19: Approved By | I19: Approved By
B22: ……………………………. | D22: ……………………………. | F22: ……………………………. | H22: ……………………………. | I22: …………………………….
B23: Requester | D23: Mgr/DH | F23: Finance & Account | H23: GM/AGM/COO | I23: CMC
I24: 04-CFD-CAS-FRM-002-03
L25: AWB | M25: PO | N25: Amount (MMK)
L26: 5095240500 | M26: WW-PRT-PO-21080004 - KDDPC | N26: 76200
L27: 2674425412 | M27: WW-PRT-PO-21090012 - Stock / WW-PRT-PO-21090017 - Rosman | N27: 73437.83
L28: 5384193791 | M28: WW-PRT-PO-21060031 / WW-PRT-PO-21080006 - Urgent Stock | N28: 85544.33
L29: 5721817452 | M29: WW-PRT-PO-21070021 - Stock Injector | N29: 84930.32
L30: 9671694804 | M30: WW-PRT-PO-21040010 /WW-PRT-PO-21080006 | N30: 84747.98
N31: =SUM(N26:N30) -> 404860.46
N32: =N31-300000 -> 104860.46

Sheet 26-10-21 Clear
A4: CASH ADVANCE CLEAR FORM
A6: Date : 26-Oct-2021
A7: BU/BR/Division : PSG
A8: Department : Procurement Dept:
A9: Advance Issue : 300,000Kyats/…….………USD
B10: No | C10: Issue Time | E10: Date | F10: Payment Voucher No | G10: Amount | I10: Descriptions
G11: USD | H11: Kyats
B12: 1 | C12: 1st Time Advance | E12: 44478 | F12: WW-ADV2021100002 | G12: - | H12: 300000 | I12: DHL Duty Charges PG-ADV-DHL-001-10-21
B13: 2 | C13: 2nd Time Advance
B14: 3 | C14: 3rd Time Advance
B15: Total Advance | H15: =H12 -> 300000
B16: Total Actual | H16: 295241.48
B17: Balance Refund/Additional | H17: =H15-H16 -> 4758.52
B19: Request By | D19: Checked By | F19: Checked By | H19: Approved By | I19: Approved By
B22: ……………………………. | D22: ……………………………. | F22: ……………………………. | H22: ……………………………. | I22: …………………………….
B23: Requester | D23: Mgr/DH | F23: Finance & Account | H23: GM/AGM/COO | I23: CMC
I24: 04-CFD-CAS-FRM-002-03
L25: AWB No | M25: PO No | N25: Amount (MMK)
L26: 6982480750 | M26: WW-PRT-PO-21040010 /WW-PRT-PO-21090030 | N26: 77330.97
L27: 9248766822 | M27: WW-PRT-PO-21100001 | N27: 74768.38
L28: 9500996466 | M28: WW-PRT-PO-21060009 / WW-PRT-PO-21090018 | N28: 51279.1
L29: 7774887956 | M29: WW-PRT-PO-21080006 / WW-PRT-PO-21040010 | N29: 91863.03
L30: Total Amount DHL Duty (MMK) | N30: =SUM(N26:N29) -> 295241.48
L31: Advance Amount (MMK) | N31: 300000
L32: Additional / Refund Amount (MMK) | N32: =N31-N30 -> 4758.52

Sheet 23-Nov-21
A4: CASH ADVANCE CLEAR FORM
A6: Date : 23-Nov-2021
A7: BU/BR/Division : PSG
A8: Department : Procurement Dept:
A9: Advance Issue : 500,000Kyats/…….………USD
B10: No | C10: Issue Time | E10: Date | F10: Payment Voucher No | G10: Amount | I10: Descriptions
G11: USD | H11: Kyats
B12: 1 | C12: 1st Time Advance | E12: 44497 | F12: WW-ADV2021100059 | G12: - | H12: 500000 | I12: DHL Duty Charges PG-ADV-DHL-002-10-21
B13: 2 | C13: 2nd Time Advance
B14: 3 | C14: 3rd Time Advance
B15: Total Advance | H15: =H12 -> 500000
B16: Total Actual | H16: 353889.36
B17: Balance Refund/Additional | H17: =H15-H16 -> 146110.64
B19: Request By | D19: Checked By | F19: Checked By | H19: Approved By | I19: Approved By
B22: ……………………………. | D22: ……………………………. | F22: ……………………………. | H22: ……………………………. | I22: …………………………….
B23: Requester | D23: Mgr/DH | F23: Finance & Account | H23: GM/AGM/COO | I23: CMC
I24: 04-CFD-CAS-FRM-002-03

Sheet 7-Dec-2021
A4: CASH ADVANCE CLEAR FORM
A6: Date : 7-Dec-2021
A7: BU/BR/Division : PSG
A8: Department : Procurement Dept:
A9: Advance Issue : 300,000Kyats/…….………USD
B10: No | C10: Issue Time | E10: Date | F10: Payment Voucher No | G10: Amount | I10: Descriptions
G11: USD | H11: Kyats
B12: 1 | C12: 1st Time Advance | E12: 44497 | F12: WW-ADV2021110060 | G12: - | H12: 300000 | I12: DHL Duty Charges PG-ADV-DHL-003-11-21
B13: 2 | C13: 2nd Time Advance
B14: 3 | C14: 3rd Time Advance
B15: Total Advance | H15: =H12 -> 300000
B16: Total Actual | H16: 268372.05
B17: Balance Refund/Additional | H17: =H15-H16 -> 31627.95
B19: Request By | D19: Checked By | F19: Checked By | H19: Approved By | I19: Approved By
B22: ……………………………. | D22: ……………………………. | F22: ……………………………. | H22: ……………………………. | I22: …………………………….
B23: Requester | D23: Mgr/DH | F23: Finance & Account | H23: GM/AGM/COO | I23: CMC
I24: 04-CFD-CAS-FRM-002-03

Sheet 27-Dec-21
A4: CASH ADVANCE CLEAR FORM
A6: Date : 27-Dec-2021
A7: BU/BR/Division : PSG
A8: Department : Procurement Dept:
A9: Advance Issue : 500,000Kyats/…….………USD
B10: No | C10: Issue Time | E10: Date | F10: Payment Voucher No | G10: Amount | I10: Descriptions
G11: USD | H11: Kyats
B12: 1 | C12: 1st Time Advance | E12: 44497 | F12: WW-ADV2021120047 | G12: - | H12: 500000 | I12: DHL Duty Charges PG-ADV-DHL-004-12-21
B13: 2 | C13: 2nd Time Advance
B14: 3 | C14: 3rd Time Advance
B15: Total Advance | H15: =H12 -> 500000
B16: Total Actual | H16: =76923.78+39263.07 -> 116186.85
B17: Balance Refund/Additional | H17: =H15-H16 -> 383813.15
B19: Request By | D19: Checked By | F19: Checked By | H19: Approved By | I19: Approved By
B22: ……………………………. | D22: ……………………………. | F22: ……………………………. | H22: ……………………………. | I22: …………………………….
B23: Requester | D23: Mgr/DH | F23: Finance & Account | H23: GM/AGM/COO | I23: CMC
I24: 04-CFD-CAS-FRM-002-03

Sheet 6-Jan-22m
A4: CASH ADVANCE CLEAR FORM
A6: Date : 6-Jan-2022
A7: BU/BR/Division : PG BU
A8: Department : Procurement Dept:
A9: Advance Issue : 400,000Kyats/…….………USD
B10: No | C10: Issue Time | E10: Date | F10: Payment Voucher No | G10: Amount | I10: Descriptions
G11: USD | H11: Kyats
B12: 1 | C12: 1st Time Advance | E12: 44559 | F12: WW-ADV2021120066 | G12: - | H12: 400000 | I12: DHL Duty Charges PG-ADV-DHL-005-12-21
B13: 2 | C13: 2nd Time Advance
B14: 3 | C14: 3rd Time Advance
B15: Total Advance | H15: =H12 -> 400000
B16: Total Actual | H16: 303270.48
B17: Balance Refund/Additional | H17: =H15-H16 -> 96729.52
B19: Request By | D19: Checked By | F19: Checked By | H19: Approved By | I19: Approved By
B22: ……………………………. | D22: ……………………………. | F22: ……………………………. | H22: ……………………………. | I22: …………………………….
B23: Requester | D23: Mgr/DH | F23: Finance & Account | H23: GM/AGM/COO | I23: CMC
I24: 04-CFD-CAS-FRM-002-03

Sheet 26-Jan-22
A4: CASH ADVANCE CLEAR FORM
A6: Date : 26-Jan-2022
A7: BU/BR/Division : PG BU
A8: Department : Procurement Dept:
A9: Advance Issue : 500,000Kyats/…….………USD
B10: No | C10: Issue Time | E10: Date | F10: Payment Voucher No | G10: Amount | I10: Descriptions
G11: USD | H11: Kyats
B12: 1 | C12: 1st Time Advance | E12: 44575 | F12: WW-ADV2022010026 | G12: - | H12: 500000 | I12: DHL Duty Charges PG-ADV-DHL-006-01-2022
B13: 2 | C13: 2nd Time Advance
B14: 3 | C14: 3rd Time Advance
B15: Total Advance | H15: =H12 -> 500000
B16: Total Actual | H16: 180576.07
B17: Balance Refund/Additional | H17: =H15-H16 -> 319423.93
B19: Request By | D19: Checked By | F19: Checked By | H19: Approved By | I19: Approved By
B22: ……………………………. | D22: ……………………………. | F22: ……………………………. | H22: ……………………………. | I22: …………………………….
B23: Requester | D23: Mgr/DH | F23: Finance & Account | H23: GM/AGM/COO | I23: CMC
I24: 04-CFD-CAS-FRM-002-03

Sheet ADV2022010062
A4: CASH ADVANCE CLEAR FORM
A6: Date : 22-Feb-2022
A7: BU/BR/Division : PG BU
A8: Department : Procurement Dept:
A9: Advance Issue : 350,000Kyats/…….………USD
B10: No | C10: Issue Time | E10: Date | F10: Payment Voucher No | G10: Amount | I10: Descriptions
G11: USD | H11: Kyats
B12: 1 | C12: 1st Time Advance | E12: 44587 | F12: WW-ADV2022010062 | G12: - | H12: 350000 | I12: DHL Duty Charges PG-ADV-DHL-007-01-2022
B13: 2 | C13: 2nd Time Advance
B14: 3 | C14: 3rd Time Advance
B15: Total Advance | H15: =H12 -> 350000
B16: Total Actual | H16: =86534.52+86548.86 -> 173083.38
B17: Balance Refund/Additional | H17: =H15-H16 -> 176916.62
B19: Request By | D19: Checked By | F19: Checked By | H19: Approved By | I19: Approved By
B22: ……………………………. | D22: ……………………………. | F22: ……………………………. | H22: ……………………………. | I22: …………………………….
B23: Requester | D23: Mgr/DH | F23: Finance & Account | H23: GM/AGM/COO | I23: CMC
I24: 04-CFD-CAS-FRM-002-03

Sheet WW-ADV2022020068
A4: CASH ADVANCE CLEAR FORM
A6: Date : 28-Mar-2022
A7: BU/BR/Division : PG BU
A8: Department : Procurement Dept;
A9: Advance Issue : 500,000Kyats/…….………USD
B10: No | C10: Issue Time | E10: Date | F10: Payment Voucher No | G10: Amount | I10: Descriptions
G11: USD | H11: Kyats
B12: 1 | C12: 1st Time Advance | E12: 44616 | F12: WW-ADV2022020068 | G12: - | H12: 500000 | I12: DHL Duty Charges PG-ADV-DHL-008-02-2022
B13: 2 | C13: 2nd Time Advance
B14: 3 | C14: 3rd Time Advance
B15: Total Advance | H15: =H12 -> 500000
B16: Total Actual | H16: =332753.5 -> 332753.5
B17: Balance Refund/Additional | H17: =H15-H16 -> 167246.5
B19: Request By | D19: Checked By | F19: Checked By | H19: Approved By | I19: Approved By
B22: ……………………………. | D22: ……………………………. | F22: ……………………………. | H22: ……………………………. | I22: …………………………….
B23: Requester | D23: Mgr/DH | F23: Finance & Account | H23: GM/AGM/COO | I23: CMC
A24: Mi Mi Ko Mi Mi Ko | I24: 04-CFD-CAS-FRM-002-03

Sheet WW-ADV2022020070
A4: CASH ADVANCE CLEAR FORM
A6: Date : 28-Mar-2022
A7: BU/BR/Division : PG BU
A8: Department : Procurement Dept;
A9: Advance Issue : 150,000Kyats/…….………USD
B10: No | C10: Issue Time | E10: Date | F10: Payment Voucher No | G10: Amount | I10: Descriptions
G11: USD | H11: Kyats
B12: 1 | C12: 1st Time Advance | E12: 44620 | F12: WW-ADV2022020070 | G12: - | H12: 150000 | I12: Adv clear for IT Part Purchased PG-ADV-DHL-009-02-2022
B13: 2 | C13: 2nd Time Advance
B14: 3 | C14: 3rd Time Advance
B15: Total Advance | H15: =H12 -> 150000
B16: Total Actual | H16: 94000
B17: Balance Refund/Additional | H17: =H15-H16 -> 56000
B19: Request By | D19: Checked By | F19: Checked By | H19: Approved By | I19: Approved By
B22: ……………………………. | D22: ……………………………. | F22: ……………………………. | H22: ……………………………. | I22: …………………………….
B23: Requester | D23: Mgr/DH | F23: Finance & Account | H23: GM/AGM/COO | I23: CMC
A24: Mi Mi Ko Mi Mi Ko | I24: 04-CFD-CAS-FRM-002-03

Sheet WW-ADV2022040010
A4: CASH ADVANCE CLEAR FORM
A6: Date : 20-Apr-2022
A7: BU/BR/Division : PG BU
A8: Department : Procurement Dept;
A9: Advance Issue : 150,000Kyats/…….………USD
B10: No | C10: Issue Time | E10: Date | F10: Payment Voucher No | G10: Amount | I10: Descriptions
G11: USD | H11: Kyats
B12: 1 | C12: 1st Time Advance | E12: 44652 | F12: WW-ADV2022040010 | G12: - | H12: 150000 | I12: Border charges PG-ADV-DHL-010-03-2022
B13: 2 | C13: 2nd Time Advance
B14: 3 | C14: 3rd Time Advance
B15: Total Advance | H15: =H12 -> 150000
B16: Total Actual | H16: 0
B17: Balance Refund/Additional | H17: =H15-H16 -> 150000
B19: Request By | D19: Checked By | F19: Checked By | H19: Approved By | I19: Approved By
B22: ……………………………. | D22: ……………………………. | F22: ……………………………. | H22: ……………………………. | I22: …………………………….
B23: Requester | D23: Mgr/DH | F23: Finance & Account | H23: GM/AGM/COO | I23: CMC
A24: Mi Mi Ko Mi Mi Ko | I24: 04-CFD-CAS-FRM-002-03

Sheet WW-ADV2022040011
A4: CASH ADVANCE CLEAR FORM
A6: Date : 20-Apr-2022
A7: BU/BR/Division : PG BU
A8: Department : Procurement Dept;
A9: Advance Issue : 500,000Kyats/…….………USD
B10: No | C10: Issue Time | E10: Date | F10: Payment Voucher No | G10: Amount | I10: Descriptions
G11: USD | H11: Kyats
B12: 1 | C12: 1st Time Advance | E12: 44652 | F12: WW-ADV2022040011 | G12: - | H12: 500000 | I12: DHL Duty Charges for WW-ADV2022040011
B13: 2 | C13: 2nd Time Advance
B14: 3 | C14: 3rd Time Advance
B15: Total Advance | H15: =H12 -> 500000
B16: Total Actual | H16: 192141.62
B17: Balance Refund/Additional | H17: =H15-H16 -> 307858.38
B19: Request By | D19: Checked By | F19: Checked By | H19: Approved By | I19: Approved By
B22: ……………………………. | D22: ……………………………. | F22: ……………………………. | H22: ……………………………. | I22: …………………………….
B23: Requester | D23: Mgr/DH | F23: Finance & Account | H23: GM/AGM/COO | I23: CMC
A24: Mi Mi Ko Mi Mi Ko | I24: 04-CFD-CAS-FRM-002-03

Sheet WW-ADV2022040057
A4: CASH ADVANCE CLEAR FORM
A6: Date : 6-May-2022
A7: BU/BR/Division : PG BU
A8: Department : Procurement Dept;
A9: Advance Issue : 500,000Kyats/…….………USD
B10: No | C10: Issue Time | E10: Date | F10: Payment Voucher No | G10: Amount | I10: Descriptions
G11: USD | H11: Kyats
B12: 1 | C12: 1st Time Advance | E12: 44677 | F12: WW-ADV2022040057 | G12: - | H12: 500000 | I12: DHL Duty Charges for (PG-ADV-DHL-012-04-2022)
B13: 2 | C13: 2nd Time Advance
B14: 3 | C14: 3rd Time Advance
B15: Total Advance | H15: =H12 -> 500000
B16: Total Actual | H16: 374175.51
B17: Balance Refund/Additional | H17: =H15-H16 -> 125824.49
B19: Request By | D19: Checked By | F19: Checked By | H19: Approved By | I19: Approved By
B22: ……………………………. | D22: ……………………………. | F22: ……………………………. | H22: ……………………………. | I22: …………………………….
B23: Requester | D23: Mgr/DH | F23: Finance & Account | H23: GM/AGM/COO | I23: CMC
A24: Mi Mi Ko Mi Mi Ko | I24: 04-CFD-CAS-FRM-002-03

Sheet WW-ADV2022040058
A4: CASH ADVANCE CLEAR FORM
A6: Date : 20-May-2022
A7: BU/BR/Division : PG BU
A8: Department : Procurement Dept;
A9: Advance Issue : 100,000Kyats/…….………USD
B10: No | C10: Issue Time | E10: Date | F10: Payment Voucher No | G10: Amount | I10: Descriptions
G11: USD | H11: Kyats
B12: 1 | C12: 1st Time Advance | E12: 44677 | F12: WW-ADV2022040058 | G12: - | H12: 100000 | I12: Advance for Computer SD Card purchase (PG-ADV-DHL-013-04-2022)
B13: 2 | C13: 2nd Time Advance
B14: 3 | C14: 3rd Time Advance
B15: Total Advance | H15: =H12 -> 100000
B16: Total Actual | H16: 0
B17: Balance Refund/Additional | H17: =H15-H16 -> 100000
B19: Request By | D19: Checked By | F19: Checked By | H19: Approved By | I19: Approved By
B22: ……………………………. | D22: ……………………………. | F22: ……………………………. | H22: ……………………………. | I22: …………………………….
B23: Requester | D23: Mgr/DH | F23: Finance & Account | H23: GM/AGM/COO | I23: CMC
A24: Mi Mi Ko Mi Mi Ko | I24: 04-CFD-CAS-FRM-002-03

Sheet WW-ADV2022050044
A4: CASH ADVANCE CLEAR FORM
A6: Date : 20-May-2022
A7: BU/BR/Division : PG BU
A8: Department : Procurement Dept;
A9: Advance Issue : 500,000Kyats/…….………USD
B10: No | C10: Issue Time | E10: Date | F10: Payment Voucher No | G10: Amount | I10: Descriptions
G11: USD | H11: Kyats
B12: 1 | C12: 1st Time Advance | E12: 44698 | F12: WW-ADV2022050044 | G12: - | H12: 500000 | I12: Advance pay for DHL Custom Duty Charges (PG-ADV-DHL-014-05-2022)
B13: 2 | C13: 2nd Time Advance
B14: 3 | C14: 3rd Time Advance
B15: Total Advance | H15: =H12 -> 500000
B16: Total Actual | H16: 593629.75
B17: Balance Refund/Additional | H17: =H15-H16 -> -93629.75
B19: Request By | D19: Checked By | F19: Checked By | H19: Approved By | I19: Approved By
B22: ……………………………. | D22: ……………………………. | F22: ……………………………. | H22: ……………………………. | I22: …………………………….
B23: Requester | D23: Mgr/DH | F23: Finance & Account | H23: GM/AGM/COO | I23: CMC
A24: Mi Mi Ko Mi Mi Ko | I24: 04-CFD-CAS-FRM-002-03

Sheet WW-ADV2022050053
A4: CASH ADVANCE CLEAR FORM
A6: Date : 8-Jun-2022
A7: BU/BR/Division : PG BU
A8: Department : Procurement Dept;
A9: Advance Issue : 750,000Kyats/…….………USD
B10: No | C10: Issue Time | E10: Date | F10: Payment Voucher No | G10: Amount | I10: Descriptions
G11: USD | H11: Kyats
B12: 1 | C12: 1st Time Advance | E12: 44706 | F12: WW-ADV2022050053 | G12: - | H12: 750000 | I12: Advance pay for DHL Custom Duty Charges (PG-ADV-DHL-015-05-2022)
B13: 2 | C13: 2nd Time Advance
B14: 3 | C14: 3rd Time Advance
B15: Total Advance | H15: =H12 -> 750000
B16: Total Actual | H16: 448479.02
B17: Balance Refund/Additional | H17: =H15-H16 -> 301520.98
B19: Request By | D19: Checked By | F19: Checked By | H19: Approved By | I19: Approved By
B22: ……………………………. | D22: ……………………………. | F22: ……………………………. | H22: ……………………………. | I22: …………………………….
B23: Requester | D23: Mgr/DH | F23: Finance & Account | H23: GM/AGM/COO | I23: CMC
A24: Mi Mi Ko Mi Mi Ko | I24: 04-CFD-CAS-FRM-002-03

Sheet WW-ADV2022060040
A4: CASH ADVANCE CLEAR FORM
A6: Date : 27-Jun-2022
A7: BU/BR/Division : PG BU
A8: Department : Procurement Dept;
A9: Advance Issue : 500,000Kyats/…….………USD
B10: No | C10: Issue Time | E10: Date | F10: Payment Voucher No | G10: Amount | I10: Descriptions
G11: USD | H11: Kyats
B12: 1 | C12: 1st Time Advance | E12: 44728 | F12: WW-ADV2022060040 | G12: - | H12: 500000 | I12: Advance pay for DHL Custom Duty Charges (PG-ADV-DHL-016-06-2022)
B13: 2 | C13: 2nd Time Advance
B14: 3 | C14: 3rd Time Advance
B15: Total Advance | H15: =H12 -> 500000
B16: Total Actual | H16: 376129.34
B17: Balance Refund/Additional | H17: =H15-H16 -> 123870.66
B19: Request By | D19: Checked By | F19: Checked By | H19: Approved By | I19: Approved By
B22: ……………………………. | D22: ……………………………. | F22: ……………………………. | H22: ……………………………. | I22: …………………………….
B23: Requester | D23: Mgr/DH | F23: Finance & Account | H23: GM/AGM/COO | I23: CMC
A24: Mi Mi Ko Mi Mi Ko | I24: 04-CFD-CAS-FRM-002-03

Sheet WW-ADV2022060045 Border
A4: CASH ADVANCE CLEAR FORM
A6: Date : 27-Jun-2022
A7: BU/BR/Division : PG BU
A8: Department : Procurement Dept;
A9: Advance Issue : 1,000,000Kyats/…….………USD
B10: No | C10: Issue Time | E10: Date | F10: Payment Voucher No | G10: Amount | I10: Descriptions
G11: USD | H11: Kyats
B12: 1 | C12: 1st Time Advance | E12: 44733 | F12: WW-ADV2022060045 | G12: - | H12: 1000000 | I12: Advance pay for Border Duty Charges (PG-ADV-DHL-017-06-2022)
B13: 2 | C13: 2nd Time Advance
B14: 3 | C14: 3rd Time Advance
B15: Total Advance | H15: =H12 -> 1000000
B16: Total Actual | H16: 921600
B17: Balance Refund/Additional | H17: =H15-H16 -> 78400
B19: Request By | D19: Checked By | F19: Checked By | H19: Approved By | I19: Approved By
B22: ……………………………. | D22: ……………………………. | F22: ……………………………. | H22: ……………………………. | I22: …………………………….
B23: Requester | D23: Mgr/DH | F23: Finance & Account | H23: GM/AGM/COO | I23: CMC
A24: Mi Mi Ko Mi Mi Ko | I24: 04-CFD-CAS-FRM-002-03

Sheet WW-ADV2022060046 Border (2)
A4: CASH ADVANCE CLEAR FORM
A6: Date : 27-Jun-2022
A7: BU/BR/Division : PG BU
A8: Department : Procurement Dept;
A9: Advance Issue : 1,000,000Kyats/…….………USD
B10: No | C10: Issue Time | E10: Date | F10: Payment Voucher No | G10: Amount | I10: Descriptions
G11: USD | H11: Kyats
B12: 1 | C12: 1st Time Advance | E12: 44733 | F12: WW-ADV2022060046 | G12: - | H12: 1000000 | I12: Advance pay for Border Duty Charges (PG-ADV-DHL-018-06-2022)
B13: 2 | C13: 2nd Time Advance
B14: 3 | C14: 3rd Time Advance
B15: Total Advance | H15: =H12 -> 1000000
B16: Total Actual | H16: 921600
B17: Balance Refund/Additional | H17: =H15-H16 -> 78400
B19: Request By | D19: Checked By | F19: Checked By | H19: Approved By | I19: Approved By
B22: ……………………………. | D22: ……………………………. | F22: ……………………………. | H22: ……………………………. | I22: …………………………….
B23: Requester | D23: Mgr/DH | F23: Finance & Account | H23: GM/AGM/COO | I23: CMC
A24: Mi Mi Ko Mi Mi Ko | I24: 04-CFD-CAS-FRM-002-03

Sheet WW-ADV2022060047 Border (3)
A4: CASH ADVANCE CLEAR FORM
A6: Date : 27-Jun-2022
A7: BU/BR/Division : PG BU
A8: Department : Procurement Dept;
A9: Advance Issue : 200,000Kyats/…….………USD
B10: No | C10: Issue Time | E10: Date | F10: Payment Voucher No | G10: Amount | I10: Descriptions
G11: USD | H11: Kyats
B12: 1 | C12: 1st Time Advance | E12: 44733 | F12: WW-ADV2022060047 | G12: - | H12: 200000 | I12: Advance pay for Border Charges (PG-ADV-DHL-019-06-2022)
B13: 2 | C13: 2nd Time Advance
B14: 3 | C14: 3rd Time Advance
B15: Total Advance | H15: =H12 -> 200000
B16: Total Actual | H16: 96000
B17: Balance Refund/Additional | H17: =H15-H16 -> 104000
B19: Request By | D19: Checked By | F19: Checked By | H19: Approved By | I19: Approved By
B22: ……………………………. | D22: ……………………………. | F22: ……………………………. | H22: ……………………………. | I22: …………………………….
B23: Requester | D23: Mgr/DH | F23: Finance & Account | H23: GM/AGM/COO | I23: CMC
A24: Mi Mi Ko Mi Mi Ko | I24: 04-CFD-CAS-FRM-002-03

Sheet WW-ADV2022060050
A4: CASH ADVANCE CLEAR FORM
A6: Date : 6-Jul-2022
A7: BU/BR/Division : PG BU
A8: Department : Procurement Dept;
A9: Advance Issue : 500,000Kyats/…….………USD
B10: No | C10: Issue Time | E10: Date | F10: Payment Voucher No | G10: Amount | I10: Descriptions
G11: USD | H11: Kyats
B12: 1 | C12: 1st Time Advance | E12: 44739 | F12: WW-ADV2022060050 | G12: - | H12: 500000 | I12: Advance for DHL Duty (PG-ADV-DHL-020-06-2022)
B13: 2 | C13: 2nd Time Advance
B14: 3 | C14: 3rd Time Advance
B15: Total Advance | H15: =H12 -> 500000
B16: Total Actual | H16: 0
B17: Balance Refund/Additional | H17: =H15-H16 -> 500000
B19: Request By | D19: Checked By | F19: Checked By | H19: Approved By | I19: Approved By
B22: ……………………………. | D22: ……………………………. | F22: ……………………………. | H22: ……………………………. | I22: …………………………….
B23: Requester | D23: Mgr/DH | F23: Finance & Account | H23: GM/AGM/COO | I23: CMC
A24: Hnin Su Phway Mi Mi Ko | I24: 04-CFD-CAS-FRM-002-03

Sheet WW-ADV2022070027 
A4: CASH ADVANCE CLEAR FORM
A6: Date : 16-Jul-2022
A7: BU/BR/Division : PG BU
A8: Department : Procurement Dept;
A9: Advance Issue : 200,000Kyats/…….………USD
B10: No | C10: Issue Time | E10: Date | F10: Payment Voucher No | G10: Amount | I10: Descriptions
G11: USD | H11: Kyats
B12: 1 | C12: 1st Time Advance | E12: 44755 | F12: WW-ADV2022070027 | G12: - | H12: 200000 | I12: Advance for IT Equipment KeyBoard and Ram for HP (PG-ADV-DHL-021-07-2022)
B13: 2 | C13: 2nd Time Advance
B14: 3 | C14: 3rd Time Advance
B15: Total Advance | H15: =H12 -> 200000
B16: Total Actual | H16: =70000+50600 -> 120600
B17: Balance Refund/Additional | H17: =H15-H16 -> 79400
B19: Request By | D19: Checked By | F19: Checked By | H19: Approved By | I19: Approved By
B22: ……………………………. | D22: ……………………………. | F22: ……………………………. | H22: ……………………………. | I22: …………………………….
B23: Requester | D23: Mgr/DH | F23: Finance & Account | H23: GM/AGM/COO | I23: CMC
A24: Hnin Su Phway Mi Mi Ko | I24: 04-CFD-CAS-FRM-002-03

Sheet  WW-ADV2024050036 (Budget Start
A4: CASH ADVANCE CLEAR FORM
A6: Date : 4-Jun-2024
A7: BU/BR/Division : PWG BU
A8: Department : Procurement Dept;
A9: Advance Issue : 1,000,000Kyats/…….………USD
B10: No | C10: Issue Time | E10: Date | F10: Payment Voucher No | G10: Amount | I10: Descriptions
G11: USD | H11: Kyats
B12: 1 | C12: 1st Time Advance | E12: 45440 | F12: WW-ADV2024050036 | G12: - | H12: 1000000 | I12: ADV for Local Purchased for Customer Urgent (PWG-PCD-ADV-001-05-2024) ADV Amount = 1,000,000 Ks
B13: 2 | C13: 2nd Time Advance
B14: 3 | C14: 3rd Time Advance
B15: Total Advance | H15: =H12 -> 1000000
B16: Total Actual | H16: =35000+292000+514000+130000+35000 -> 1006000
B17: Balance Refund/Additional | H17: =H15-H16 -> -6000
B19: Request By | D19: Checked By | F19: Checked By | H19: Approved By | I19: Approved By
B22: ……………………………. | D22: ……………………………. | F22: ……………………………. | H22: ……………………………. | I22: …………………………….
B23: Requester | D23: Mgr/DH | F23: Finance & Account | H23: GM/AGM/COO | I23: CMC
A24: Mi Mi Ko Mi Mi Ko | I24: 04-CFD-CAS-FRM-002-03

Sheet  WW-ADV2024050036 Attach
A1: Description | B1: Amount | C1: Remark
A2: ADV Amount | B2: 1000000 | C2: WW-ADV2024050036
A3: WW-PRT-PO-24060004 | B3: 644000 | C3: YAR SU THIT
A4: WW-PRT-PO-24060003 | B4: 292000 | C4: HTOO&PHOO
A5: WW-PRT-PO-24050052 | B5: 35000 | C5: HTOO&PHOO
A6: WW-PRT-PO-24060008 | B6: 35000 | C6: BAWGAWADI CO.,LTD
A7: Total Expense Amount | B7: =SUM(B3:B6) -> 1006000
A8: Balance Refund/Additional | B8: =B2-B7 -> -6000

Sheet  WW-ADV2024050037 
A4: CASH ADVANCE CLEAR FORM
A6: Date : 3-Jun-2024
A7: BU/BR/Division : PWG BU
A8: Department : Procurement Dept;
A9: Advance Issue : 500,000Kyats/…….………USD
B10: No | C10: Issue Time | E10: Date | F10: Payment Voucher No | G10: Amount | I10: Descriptions
G11: USD | H11: Kyats
B12: 1 | C12: 1st Time Advance | E12: 45441 | F12: WW-ADV2024050037 | G12: - | H12: 500000 | I12: ADV for Border Shipment for Stock Order (PWG-PCD-ADV-001-05-2024) ADV Amount = 500,000 Ks
B13: 2 | C13: 2nd Time Advance
B14: 3 | C14: 3rd Time Advance
B15: Total Advance | H15: =H12 -> 500000
B16: Total Actual | H16: =90600+130000 -> 220600
B17: Balance Refund/Additional | H17: =H15-H16 -> 279400
B19: Request By | D19: Checked By | F19: Checked By | H19: Approved By | I19: Approved By
B22: ……………………………. | D22: ……………………………. | F22: ……………………………. | H22: ……………………………. | I22: …………………………….
B23: Requester | D23: Mgr/DH | F23: Finance & Account | H23: GM/AGM/COO | I23: CMC
A24: Hnin Su Phway Mi Mi Ko | I24: 04-CFD-CAS-FRM-002-03

Sheet WW-ADV2024060007
A4: CASH ADVANCE CLEAR FORM
A6: Date : 17-Jun-2024
A7: BU/BR/Division : PWG BU
A8: Department : Procurement Dept;
A9: Advance Issue : 2,000,000Kyats/…….………USD
B10: No | C10: Issue Time | E10: Date | F10: Payment Voucher No | G10: Amount | I10: Descriptions
G11: USD | H11: Kyats
B12: 1 | C12: 1st Time Advance | E12: 45450 | F12: WW-ADV2024060007 | G12: - | H12: 2000000 | I12: ADV for Local Purchased for Customer Urgent (PWG-PCD-ADV-002-06-2024) ADV Amount = 2,000,000 Ks
B13: 2 | C13: 2nd Time Advance
B14: 3 | C14: 3rd Time Advance
B15: Total Advance | H15: =H12 -> 2000000
B16: Total Actual | H16: =19000+155000+210000+8400+745000+810000 -> 1947400
B17: Balance Refund/Additional | H17: =H15-H16 -> 52600
B19: Request By | D19: Checked By | F19: Checked By | H19: Approved By | I19: Approved By
B22: ……………………………. | D22: ……………………………. | F22: ……………………………. | H22: ……………………………. | I22: …………………………….
B23: Requester | D23: Mgr/DH | F23: Finance & Account | H23: GM/AGM/COO | I23: CMC
A24: Mi Mi Ko Mi Mi Ko | I24: 04-CFD-CAS-FRM-002-03

Sheet WW-ADV2024060007Atch
A1: Description | B1: Local PO Form No | C1: Amount | D1: Remark
A2: ADV Amount | C2: 2000000 | D2: WW-ADV2024060007
A3: WW-PRT-PO-24060016 | B3: PG BU-LOCAL-ORD-023 | C3: 19000 | D3: HTOO&PHOO
A4: WW-PRT-PO-24050040 | B4: PG BU-LOCAL-ORD-018 | C4: 155000 | D4: AUNG HLAING OO
A5: WW-PRT-PO-24060021 | B5: PG BU-LOCAL-ORD-024 | C5: 210000 | D5: MAUNG KYAW WIN
A6: WW-PRT-PO-24060015 | B6: PG BU-LOCAL-ORD-023 | C6: 8400 | D6: LACHAN NI
A7: WW-PRT-PO-24060023 | B7: PG BU-LOCAL-ORD-025 | C7: 745000 | D7: HTOO&PHOO
A8: WW-PRT-PO-24060028 | B8: PG BU-LOCAL-ORD-026 | C8: 810000 | D8: TAW WIN TUN
A9: Total Expense Amount | C9: =SUM(C3:C8) -> 1947400
A10: Balance Refund / Additional | C10: =C2-C9 -> 52600

Sheet WW-ADV2024060028
A4: CASH ADVANCE CLEAR FORM
A6: Date : 12-Jul-2024
A7: BU/BR/Division : PWG BU
A8: Department : Procurement Dept;
A9: Advance Issue : 1,500,000Kyats/…….………USD
B10: No | C10: Issue Time | E10: Date | F10: Payment Voucher No | G10: Amount | I10: Descriptions
G11: USD | H11: Kyats
B12: 1 | C12: 1st Time Advance | E12: 45467 | F12: WW-ADV2024060028 | G12: - | H12: 1500000 | I12: ADV for Mi Mi Ko [6208] ,Local Purchased for Customer Urgent (PWG-PCD-ADV-003-06-2024) ADV Amount = 1,500,000 Ks
B13: 2 | C13: 2nd Time Advance
B14: 3 | C14: 3rd Time Advance
B15: Total Advance | H15: =H12 -> 1500000
B16: Total Actual | H16: ='WW-ADV2024060028 Atc'!C12 -> 1444700
B17: Balance Refund/Additional | H17: =H15-H16 -> 55300
B19: Request By | D19: Checked By | F19: Checked By | H19: Approved By | I19: Approved By
B22: ……………………………. | D22: ……………………………. | F22: ……………………………. | H22: ……………………………. | I22: …………………………….
B23: Requester | D23: Mgr/DH | F23: Finance & Account | H23: GM/AGM/COO | I23: CMC
A24: Mi Mi Ko Mi Mi Ko | I24: 04-CFD-CAS-FRM-002-03

Sheet WW-ADV2024060028 Atc
B1: CASH ADVANCE CLEAR LIST
A2: Description | B2: Local PO Form No | C2: Amount | D2: Remark
A3: ADV No : WW-ADV2024060028 | C3: 1500000
A4: WW-PRT-PO-24060014 | B4: PG BU-LOCAL-ORD-023 | C4: 318400 | D4: Shwe Ein
A5: WW-PRT-PO-24060045 | B5: PG BU-LOCAL-ORD-030 | C5: 20000 | D5: Taw Win Tun
A6: WW-PRT-PO-24060036 | B6: PG BU-LOCAL-ORD-028 | C6: 950000 | D6: Vantageland
A7: WW-PRT-PO-24070001 | B7: PG BU-LOCAL-ORD-031 | C7: 6600 | D7: Smile Power
A8: WW-PRT-PO-24060047 | B8: PG BU-LOCAL-ORD-031 | C8: 82000 | D8: Aung Hlaing Oo
A9: WW-PRT-PO-24070003 | B9: PG BU-LOCAL-ORD-032 | C9: 23700 | D9: Htoo & Phoo
A10: WW-PRT-PO-24070004 | B10: PG BU-LOCAL-ORD-032 | C10: 8000 | D10: Myint Myat Aung
A11: WW-PRT-PO-24070012 | B11: PG BU-LOCAL-ORD-033 | C11: 36000 | D11: Bawgawadi
A12: Total Expense Amount | C12: =SUM(C4:C11) -> 1444700
A13: Balance Refund / Additional | C13: =C3-C12 -> 55300
C16: 1500000
C17: 162162 | D17: DKSH
C18: 330000 | D18: TWT
C19: 15000 | D19: ALD
C20: 350000 | D20: TWT
C21: 92000 | D21: AHO
C22: =SUM(C17:C21) -> 949162 | D22: Total
C23: =C3-C22 -> 550838

Sheet WW-ADV2024060035
A4: CASH ADVANCE CLEAR FORM
A6: Date : 12-Jul-2024
A7: BU/BR/Division : PWG BU
A8: Department : Procurement Dept;
A9: Advance Issue : 1,500,000Kyats/…….………USD
B10: No | C10: Issue Time | E10: Date | F10: Payment Voucher No | G10: Amount | I10: Descriptions
G11: USD | H11: Kyats
B12: 1 | C12: 1st Time Advance | E12: 45467 | F12: WW-ADV2024060035 | G12: - | H12: 1500000 | I12: ADV for Mi Mi Ko [6208] ,Local Purchased for Customer Urgent (PWG-PCD-ADV-004-06-2024) ADV Amount = 1,500,000 Ks
B13: 2 | C13: 2nd Time Advance
B14: 3 | C14: 3rd Time Advance
B15: Total Advance | H15: =H12 -> 1500000
B16: Total Actual | H16: ='WW-ADV2024060035 Atc (2)'!C10 -> 949162
B17: Balance Refund/Additional | H17: =H15-H16 -> 550838
B19: Request By | D19: Checked By | F19: Checked By | H19: Approved By | I19: Approved By
B22: ……………………………. | D22: ……………………………. | F22: ……………………………. | H22: ……………………………. | I22: …………………………….
B23: Requester | D23: Mgr/DH | F23: Finance & Account | H23: GM/AGM/COO | I23: CMC
A24: Mi Mi Ko Mi Mi Ko | I24: 04-CFD-CAS-FRM-002-03

Sheet WW-ADV2024060035 Atc (2)
B1: CASH ADVANCE CLEAR LIST
A2: Description | B2: Local PO Form No | C2: Amount | D2: Remark
A3: ADV No : WW-ADV2024060035 | C3: 1500000
A4: WW-PRT-PO-24060038 | B4: PG BU-LOCAL-ORD-029 | C4: 162162 | D4: DKSH
A5: WW-PRT-PO-24070016 | B5: PG BU-LOCAL-ORD-034 | C5: 330000 | D5: TWT
A6: WW-PRT-PO-24070014 | B6: PG BU-LOCAL-ORD-034 | C6: 15000 | D6: ALD
A7: WW-PRT-PO-24070010 | B7: PG BU-LOCAL-ORD-033 | C7: 350000 | D7: TWT
A8: WW-PRT-PO-24070015 | B8: PG BU-LOCAL-ORD-034 | C8: 92000 | D8: AHO
A10: Total Expense Amount | C10: =SUM(C4:C9) -> 949162
A11: Balance Refund / Additional | C11: =C3-C10 -> 550838
C14: 1500000
C15: 162162 | D15: DKSH
C16: 330000 | D16: TWT
C17: 15000 | D17: ALD
C18: 350000 | D18: TWT
C19: 92000 | D19: AHO
C20: =SUM(C15:C19) -> 949162 | D20: Total
C21: =C3-C20 -> 550838

Sheet WW-ADV2024060027 BD
B1: CASH ADVANCE CLEAR LIST
A2: Description | B2: Local PO Form No | C2: Amount | D2: Remark
A3: ADV No : WW-ADV2024060027 | C3: 500000
A4: Transport fee from Yunan to Guangdong Warehouse - Lega 2Box | C4: 103750 | D4: Border
A5: Border cost for SAIWEI - 1Box | C5: 81000 | D5: Border
A6: Hot Post Country Air PO , DHL Duty Charges | C6: 43605 | D6: DHL
A7: Total Expense Amount | C7: =SUM(C4:C6) -> 228355
A8: Balance Refund / Additional | C8: =C3-C7 -> 271645
C11: 1500000
C12: 162162 | D12: DKSH
C13: 330000 | D13: TWT
C14: 15000 | D14: ALD
C15: 350000 | D15: TWT
C16: 92000 | D16: AHO
C17: =SUM(C12:C16) -> 949162 | D17: Total
C18: =C3-C17 -> -449162

Sheet WW-ADV2024060027
A4: CASH ADVANCE CLEAR FORM
A6: Date : 12-Jul-2024
A7: BU/BR/Division : PWG BU
A8: Department : Procurement Dept;
A9: Advance Issue : 500,000Kyats/…….………USD
B10: No | C10: Issue Time | E10: Date | F10: Payment Voucher No | G10: Amount | I10: Descriptions
G11: USD | H11: Kyats
B12: 1 | C12: 1st Time Advance | E12: 45467 | F12: WW-ADV2024060027 | G12: - | H12: 500000 | I12: Advance for Mi Mi Ko [6208] ,Border/ DHL Shipment Charges for Stock Order (PWG-PCD-ADV-BDHL-003-06-2024) ADV Amount = 500,000 Ks
B13: 2 | C13: 2nd Time Advance
B14: 3 | C14: 3rd Time Advance
B15: Total Advance | H15: =H12 -> 500000
B16: Total Actual | H16: 228355
B17: Balance Refund/Additional | H17: =H15-H16 -> 271645
B19: Request By | D19: Checked By | F19: Checked By | H19: Approved By | I19: Approved By
B22: ……………………………. | D22: ……………………………. | F22: ……………………………. | H22: ……………………………. | I22: …………………………….
B23: Requester | D23: Mgr/DH | F23: Finance & Account | H23: GM/AGM/COO | I23: CMC
A24: Mi Mi Ko Mi Mi Ko | I24: 04-CFD-CAS-FRM-002-03

Sheet WW-ADV2024070030 attach
B1: CASH ADVANCE CLEAR LIST
A2: Description | B2: Local PO Form No | C2: Amount | D2: Remark
A3: ADV No : WW-ADV2024070030 | C3: 2000000
A4: WW-PRT-PO-24070022 | B4: PG BU-LOCAL-ORD-035 | C4: 1680000 | D4: TWT
A5: WW-PRT-PO-24070026 | B5: PG BU-LOCAL-ORD-036 | C5: 170000 | D5: TWT
A6: WW-PRT-PO-24070024 | B6: PG BU-LOCAL-ORD-036 | C6: 87000 | D6: AHO
A7: WW-PRT-PO-24070025 | B7: PG BU-LOCAL-ORD-036 | D7: VICTOR
A8: Total Expense Amount | C8: =SUM(C4:C7) -> 1937000
A9: Balance Refund / Additional | C9: =C3-C8 -> 63000

Sheet WW-ADV2024070031 -BD
A4: CASH ADVANCE CLEAR FORM
A6: Date : 8-Oct-2024
A7: BU/BR/Division : PWG BU
A8: Department : Procurement Dept;
A9: Advance Issue : 2,000,000Kyats/…….………USD
B10: No | C10: Issue Time | E10: Date | F10: Payment Voucher No | G10: Amount | I10: Descriptions
G11: USD | H11: Kyats
B12: 1 | C12: 1st Time Advance | E12: 45573 | F12: WW-ADV2024090019 | G12: - | H12: 2000000 | I12: Advance Payment , Mi Mi Ko [6208] , WW-ADV2024090019 , for Local Purchased for Inventory and Customer Demand/Prospect Urgent ,(PWG-PCD-ADV-013-09-2024) , ADV -2,000,000 Ks
B13: 2 | C13: 2nd Time Advance
B14: 3 | C14: 3rd Time Advance
B15: Total Advance | H15: =H12 -> 2000000
B16: Total Actual | H16: 0 | K16: =H17-L16 -> 1897000 | L16: 103000
B17: Balance Refund/Additional | H17: =H15-H16 -> 2000000
B19: Request By | D19: Checked By | F19: Checked By | H19: Approved By | I19: Approved By
B22: ……………………………. | D22: ……………………………. | F22: ……………………………. | H22: ……………………………. | I22: …………………………….
B23: Requester | D23: Mgr/DH | F23: Finance & Account | H23: GM/AGM/COO | I23: CMC
A24: Aye Thu Khaing Mi Mi Ko | I24: 04-CFD-CAS-FRM-002-03

Sheet WW-ADV2024070038 -6.8L
A4: CASH ADVANCE CLEAR FORM
A6: Date : 31-Jul-2024
A7: BU/BR/Division : PWG BU
A8: Department : Procurement Dept;
A9: Advance Issue : 680,000Kyats/…….………USD
B10: No | C10: Issue Time | E10: Date | F10: Payment Voucher No | G10: Amount | I10: Descriptions
G11: USD | H11: Kyats
B12: 1 | C12: 1st Time Advance | E12: 45497 | F12: WW-ADV2024070038 | G12: - | H12: 680000 | I12: Advance Payment for Local Purchased for Customer Urgent and Stock (PWG-PCD-ADV-006-07-2024) ADV Amount = 680,000 Ks
B13: 2 | C13: 2nd Time Advance
B14: 3 | C14: 3rd Time Advance
B15: Total Advance | H15: =H12 -> 680000
B16: Total Actual | H16: ='[2]WW-ADV2024070038 -ATT'!C6 -> 687000 | K16: =H17-L16 -> -110000 | L16: 103000
B17: Balance Refund/Additional | H17: =H15-H16 -> -7000
B19: Request By | D19: Checked By | F19: Checked By | H19: Approved By | I19: Approved By
B22: ……………………………. | D22: ……………………………. | F22: ……………………………. | H22: ……………………………. | I22: …………………………….
B23: Requester | D23: Mgr/DH | F23: Finance & Account | H23: GM/AGM/COO | I23: CMC
A24: Mi Mi Ko Mi Mi Ko | I24: 04-CFD-CAS-FRM-002-03

Sheet WW-ADV2024070038 -ATT
A1: Description | B1: Local PO Form No | C1: Amount | D1: Remark
A2: ADV : WW-ADV2024070038 | C2: 680000
A3: WW-PRT-PO-24070029 | B3: PG BU-LOCAL-ORD-037 | C3: 87000 | D3: AUNG HLAING OO
A4: WW-PRT-PO-24070028 | B4: PG BU-LOCAL-ORD-037 | C4: 120000 | D4: YAR SU THIT
A5: WW-PRT-PO-24050022 | B5: PG BU-LOCAL-ORD-012 | C5: 480000 | D5: Truck Hub
A6: Total Expense Amount | C6: =SUM(C3:C5) -> 687000
A7: Balance Refund / Additional | C7: =C2-C6 -> -7000

Sheet WW-ADV2024070039 , 21L
A4: CASH ADVANCE CLEAR FORM
A6: Date : 8-Aug-2024
A7: BU/BR/Division : PWG BU
A8: Department : Procurement Dept;
A9: Advance Issue : 2,100,000Kyats/…….………USD
B10: No | C10: Issue Time | E10: Date | F10: Payment Voucher No | G10: Amount | I10: Descriptions
G11: USD | H11: Kyats
B12: 1 | C12: 1st Time Advance | E12: 45497 | F12: WW-ADV2024070039 | G12: - | H12: 2100000 | I12: Advance Payment , Mi Mi Ko [6208] , for Local Purchased for Customer Urgent and Stock (PWG-PCD-ADV-007-07-2024) ADV Amount = 2,100,000 Ks
B13: 2 | C13: 2nd Time Advance
B14: 3 | C14: 3rd Time Advance
B15: Total Advance | H15: =H12 -> 2100000
B16: Total Actual | H16: ='WW-ADV2024070039 Att'!C12 -> 1402000 | K16: =H17-L16 -> 595000 | L16: 103000
B17: Balance Refund/Additional | H17: =H15-H16 -> 698000
B19: Request By | D19: Checked By | F19: Checked By | H19: Approved By | I19: Approved By
B22: ……………………………. | D22: ……………………………. | F22: ……………………………. | H22: ……………………………. | I22: …………………………….
B23: Requester | D23: Mgr/DH | F23: Finance & Account | H23: GM/AGM/COO | I23: CMC
A24: Mi Mi Ko Mi Mi Ko | I24: 04-CFD-CAS-FRM-002-03

Sheet WW-ADV2024070039 Att
A1: Description | B1: Local PO Form No | C1: Amount | D1: Remark
A2: ADV : WW-ADV2024070039 | C2: 2100000
A3: WW-PRT-PO-24070031 | B3: PG BU-LOCAL-ORD-038 | C3: 708000 | D3: Victor
A4: WW-PRT-PO-24070035 | B4: PG BU-LOCAL-ORD-041 | C4: 44000 | D4: Taw Win Tun
A5: WW-PRT-PO-24070036 | B5: PG BU-LOCAL-ORD-042 | C5: 60000 | D5: Yar Su Thit
A6: WW-PRT-PO-24070038 | B6: PG BU-LOCAL-ORD-044 | C6: 120000 | D6: Yar Su Thit
A7: WW-PRT-PO-24080003 | B7: PG BU-LOCAL-ORD-046 | C7: 120000 | D7: Yar Su Thit
A8: WW-PRT-PO-24080005 | B8: PG BU-LOCAL-ORD-046 | C8: 180000 | D8: Victor
A9: WW-PRT-PO-24080004 | B9: PG BU-LOCAL-ORD-046 | C9: 48500 | D9: Maung Kyaw Win
A10: WW-PRT-PO-24080006 | B10: PG BU-LOCAL-ORD-046 | C10: 71500 | D10: Smile Power
A11: WW-PRT-PO-24080008 | B11: PG BU-LOCAL-ORD-047 | C11: 50000 | D11: Bawgawadi
A12: Total Expense Amount | C12: =SUM(C3:C11) -> 1402000
A13: Balance Refund / Additional | C13: =C2-C12 -> 698000

Sheet WW-ADV2024080001
A4: CASH ADVANCE CLEAR FORM
A6: Date :15-Aug-2024
A7: BU/BR/Division : PWG BU
A8: Department : Procurement Dept;
A9: Advance Issue : 3,000,000Kyats/…….………USD
B10: No | C10: Issue Time | E10: Date | F10: Payment Voucher No | G10: Amount | I10: Descriptions
G11: USD | H11: Kyats
B12: 1 | C12: 1st Time Advance | E12: 45510 | F12: WW-ADV2024080001 | G12: - | H12: 3000000 | I12: Advance Payment for Mi Mi Ko [6208] ,Local Purchased for Customer Urgent and Stock (PWG-PCD-ADV-008-08-2024) ADV Amount = 3,000,000 Ks
B13: 2 | C13: 2nd Time Advance
B14: 3 | C14: 3rd Time Advance
B15: Total Advance | H15: =H12 -> 3000000
B16: Total Actual | H16: ='WW-ADV2024080001 - 30Lks'!C8 -> 4022000 | K16: =H17-L16 -> -1125000 | L16: 103000
B17: Balance Refund/Additional | H17: =H15-H16 -> -1022000
B19: Request By | D19: Checked By | F19: Checked By | H19: Approved By | I19: Approved By
B22: ……………………………. | D22: ……………………………. | F22: ……………………………. | H22: ……………………………. | I22: …………………………….
B23: Requester | D23: Mgr/DH | F23: Finance & Account | H23: GM/AGM/COO | I23: CMC
A24: Mi Mi Ko Mi Mi Ko | I24: 04-CFD-CAS-FRM-002-03

Sheet WW-ADV2024080001 - 30Lks
A1: Description | B1: Local PO Form No | C1: Amount | D1: Remark
A2: ADV : WW-ADV2024080001 | C2: 3000000
A3: WW-PRT-PO-24080007 | B3: PG BU-LOCAL-ORD-047. | C3: 2806000 | D3: Truckhub
A4: WW-PRT-PO-24080018 | B4: PG BU-LOCAL-ORD-049 | C4: 160000 | D4: S7 ANG
A5: WW-PRT-PO-24080019 | B5: PG BU-LOCAL-ORD-049 | C5: 10000 | D5: Yar Su Thit
A6: WW-PRT-PO-24080021 | B6: PG BU-LOCAL-ORD-050 | C6: 186000 | D6: Htoo and Phoo
A7: WW-PRT-PO-24080020 | B7: PG BU-LOCAL-ORD-050 | C7: 860000 | D7: Victor
A8: Total Expense Amount | C8: =SUM(C3:C7) -> 4022000
A9: Balance Refund / Additional | C9: =C2-C8 -> -1022000

Sheet WW-ADV2024080025 (25Lkhs)
A4: CASH ADVANCE CLEAR FORM
A6: Date : 28-Aug-2024
A7: BU/BR/Division : PWG BU
A8: Department : Procurement Dept;
A9: Advance Issue : 2,500,000Kyats/…….………USD
B10: No | C10: Issue Time | E10: Date | F10: Payment Voucher No | G10: Amount | I10: Descriptions
G11: USD | H11: Kyats
B12: 1 | C12: 1st Time Advance | E12: 45519 | F12: WW-ADV2024080025 | G12: - | H12: 2500000 | I12: Advance Payment for Mi Mi Ko [6208] ,Local Purchased for Customer Urgent and Stock (PWG-PCD-ADV-009-08-2024) ADV Amount = 2,500,000 Ks
B13: 2 | C13: 2nd Time Advance
B14: 3 | C14: 3rd Time Advance
B15: Total Advance | H15: =H12 -> 2500000
B16: Total Actual | H16: ='WW-ADV2024080025 (25Lkhs) -Att'!C14 -> 2295200 | K16: =H17-L16 -> 101800 | L16: 103000
B17: Balance Refund/Additional | H17: =H15-H16 -> 204800
B19: Request By | D19: Checked By | F19: Checked By | H19: Approved By | I19: Approved By
B22: ………………… | D22: ………………… | F22: ………………… | H22: ……………… | I22: ………………
B23: Requester | D23: Mgr/DH | F23: Finance & Account | H23: GM/AGM/COO | I23: CMC
A24: Aye Thu Khaing Mi Mi Ko | I24: 04-CFD-CAS-FRM-002-03

Sheet WW-ADV2024080025 (25Lkhs) -Att
A1: Description | B1: Local PO Form No | C1: Amount | D1: Remark
A2: ADV : WW-ADV2024080025 | C2: 2500000 | D2: PWG-PCD-ADV-009-08-2024
A3: WW-PRT-PO-24080022 | B3: PG BU-LOCAL-ORD-051 | C3: 1050000 | D3: Taw Win Tun
A4: WW-PRT-PO-24080025 | B4: PG BU-LOCAL-ORD-051 | C4: 45200 | D4: Htoo & Phoo
A5: WW-PRT-PO-24080027 | B5: PG BU-LOCAL-ORD-054 | C5: 23000 | D5: Swe Swe Lae
A6: WW-PRT-PO-24080028 | B6: PG BU-LOCAL-ORD-054 | C6: 103000 | D6: Aung Hlaing Oo
A7: WW-PRT-PO-24080029 | B7: PG BU-LOCAL-ORD-054 | C7: 47000 | D7: Ngwe La Thar
A8: WW-PRT-PO-24080034 | B8: PG BU-LOCAL-ORD-056 | C8: 334000 | D8: Htoo & Phoo
A9: WW-PRT-PO-24080033 | B9: PG BU-LOCAL-ORD-056 | C9: 75000 | D9: Ngwe La Thar
A10: WW-PRT-PO-24080035 | B10: PG BU-LOCAL-ORD-057 | C10: 340000 | D10: Aung Hlaing Oo
A11: WW-PRT-PO-24080035 | B11: PG BU-LOCAL-ORD-057 | C11: 137000 | D11: Aung Hlaing Oo
A12: WW-PRT-PO-24080036 | B12: PG BU-LOCAL-ORD-057 | C12: 110000 | D12: Swe Swe Lae | G12: 477000
A13: WW-PRT-PO-24080037 | B13: PG BU-LOCAL-ORD-058 | C13: 31000 | D13: Yar Su Thit
A14: Total Expense Amount | C14: =SUM(C3:C13) -> 2295200 | I14: 4000000
A15: Balance Refund / Additional | C15: =C2-C14 -> 204800 | I15: 3400000
I16: =I14-I15 -> 600000 | J16: =I16+C15 -> 804800
I17: 62000
I18: =I16-I17 -> 538000 | J18: 400000
J19: 100000
J20: 219000
J21: =SUM(J18:J20) -> 719000
J22: =I17 -> 62000
J23: =SUM(J21) -> 719000
J24: =J16-J23 -> 85800 | L24: =J24+J22 -> 147800

Sheet WW-ADV2024080030 (40Lkhs)
A1: Description | B1: Local PO Form No | C1: Amount | D1: Remark
A2: ADV :WW-ADV2024080030/ADV-PWG-2024-08-00037 | C2: 4000000 | D2: PWG-PCD-ADV-010-08-2024
A3: WW-PRT-PO-24080023 | B3: PG BU-LOCAL-ORD-052. | C3: 3400000 | D3: SPMM
A4: WW-PRT-PO-24090002 | B4: PG BU-LOCAL-ORD-060. | C4: 500000 | D4: VICTOR
A5: WW-PRT-PO-24090003 | B5: PG BU-LOCAL-ORD-060 | C5: 248000 | D5: Swe Swe Lae
A6: WW-PRT-PO-24090004 | B6: PG BU-LOCAL-ORD-060 | C6: 36000 | D6: HTOO & PHOO
A7: Total Expense Amount | C7: =SUM(C3:C6) -> 4184000 | F7: 4184000
A8: Balance Refund /Additional | C8: 184000
E13: 4000000
E14: 3400000
E15: =E13-E14 -> 600000 | F15: =E15+#REF! -> #REF!
I16: 62000
I17: =E15-I16 -> 538000 | J17: 400000
J18: 100000
J19: 219000
J20: =SUM(J17:J19) -> 719000
J21: =I16 -> 62000
J22: =SUM(J20) -> 719000
J23: =F15-J22 -> #REF! | L23: =J23+J21 -> #REF!

Sheet WW-ADV2024090001 (6TLks) 
A1: Description | B1: Local PO Form No | C1: Amount | D1: Remark
A2: WW-ADV2024090001 | C2: 600000 | D2: PWG-PCD-ADV-BDHL-005-08-2024
A7: Total Expense Amount | F7: 4184000
A8: Balance Refund /Additional
E13: 4000000
E14: 3400000
E15: =E13-E14 -> 600000 | F15: =E15+#REF! -> #REF!
I16: 62000
I17: =E15-I16 -> 538000 | J17: 400000
J18: 100000
J19: 219000
J20: =SUM(J17:J19) -> 719000
J21: =I16 -> 62000
J22: =SUM(J20) -> 719000
J23: =F15-J22 -> #REF! | L23: =J23+J21 -> #REF!

Sheet WW-ADV2024090002 (20Lkhs) 
A1: Description | B1: Local PO Form No | C1: Amount | D1: Remark
A2: WW-ADV2024090002 | C2: 2000000 | D2: PWG-PCD-ADV-019-09-2024
A3: WW-PRT-PO-24090015 | B3: PG BU-LOCAL-ORD-061 | C3: 165000 | D3: VICTOR
A4: WW-PRT-PO-24090016 | B4: PG BU-LOCAL-ORD-061 | C4: 62000 | D4: Bawgawady
A5: WW-PRT-PO-24090018 | B5: PG BU-LOCAL-ORD-062 | C5: 1399000 | D5: HTOO& PHOO
A6: WW-PRT-PO-24090019 | B6: PG BU-LOCAL-ORD-062 | C6: 420000 | D6: Anage Gyi
A7: WW-PRT-PO-24090021 | B7: PG BU-LOCAL-ORD-064 | C7: 156000 | D7: Bawgawady
A8: WW-PRT-PO-24090022 | B8: PG BU-LOCAL-ORD-064 | C8: 35000 | D8: Infinity Energy | F8: 4184000
A9: WW-PRT-PO-24090024 | B9: PG BU-LOCAL-ORD-065 | C9: 126000 | D9: Yar Su Thit
A10: WW-PRT-PO-24090025 | B10: PG BU-LOCAL-ORD-065 | C10: 380000 | D10: Taw Win Tun
A11: WW-PRT-PO-24090026 | B11: PG BU-LOCAL-ORD-065 | C11: 21500 | D11: Thein Kabar
A12: WW-PRT-PO-24090027 | B12: PG BU-LOCAL-ORD-065 | C12: 11150 | D12: Smile Power
A13: WW-PRT-PO-24090028 | B13: PG BU-LOCAL-ORD-066 | C13: 200000 | D13: Aung Hlaing Oo
A14: Total Expance Amount | C14: =SUM(C3:C13) -> 2975650 | E14: 4000000
A15: Balance Refund/Additional | C15: 975650 | E15: 3400000
E16: =E14-E15 -> 600000 | F16: =E16+#REF! -> #REF!
I18: 62000 | J18: 400000
I19: =E16-I18 -> 538000 | J19: 100000
J20: 219000
J21: =SUM(J18:J20) -> 719000
J22: =I18 -> 62000
J23: =SUM(J21) -> 719000
J24: =F16-J23 -> #REF! | L24: =J24+J22 -> #REF!

Sheet ADV Border - 6Lakhs
B3: Description | C3: Amount (MMK)
B4: Wooden Rack for Matador Filter - 36Box | C4: 219700
B5: Wooden Rack for Cummins Filter - 1Box | C5: 172700
B6: Border Cost , Wespc PO - 1Box FanBelt | C6: 143000
B7: Border Cost , Wespc PO - 1Box,Sensor and Gasket | C7: 297400
B8: DHL Custom Duty Charges for Warranty Calim Part Shipment from JLT | C8: 57015
B9: Total Expense | C9: =SUM(C4:C8) -> 889815
B10: Total Advance ADV-PWG-2024-09-00004 | C10: 600000
B11: Total Additional Amount | C11: =C9-C10 -> 289815

Sheet WW-ADV2024090003 (20Lkhs)
A1: Description | B1: Local PO Form No | C1: Amount | D1: Remark
A2: WW-ADV2024090003/ADV-PWG-2024-09-00006 | C2: 2000000 | D2: PWG-PCD-ADV-03-09-2024
A3: WW-PRT-PO-24090020 | B3: PG BU-LOCAL-ORD-067 | C3: 400000 | D3: Aung Hlaing Oo
A4: WW-PRT-PO-24090034 | B4: PG BU-LOCAL-ORD-068 | C4: 38000 | D4: Aung Hlaing Oo
A5: WW-PRT-PO-24090035 | B5: PG BU-LOCAL-ORD-068 | C5: 230000 | D5: S7 AnageGyi
A6: WW-PRT-PO-24090036 | B6: PG BU-LOCAL-ORD-069 | C6: 135000 | D6: Swe Swe Lae
A7: WW-PRT-PO-24090037 | B7: PG BU-LOCAL-ORD-069 | C7: 40500 | D7: Htoo&Phoo
A8: WW-PRT-PO-24090038 | B8: PG BU-LOCAL-ORD-070 | C8: 1654900 | D8: Htoo&Phoo
A9: WW-PRT-PO-24090039 | B9: PG BU-LOCAL-ORD-071 | C9: 42350 | D9: Smile Power
A10: WW-PRT-PO-24090040 | B10: PG BU-LOCAL-ORD-072 | C10: 93000 | D10: Aung Hlaing Oo
A11: WW-PRT-PO-24090042 | B11: PG BU-LOCAL-ORD-073 | C11: 712500 | D11: Htoo&Phoo
A12: WW-PRT-PO-24090046 | B12: PG BU-LOCAL-ORD-074 | C12: 40000 | D12: Aung Hlaing Oo
A13: Total Expance Amount | C13: =SUM(C3:C12) -> 3386250
A14: Balance Refund/Additional | C14: 1386250
L25: =J25+J23 -> 0

Sheet WW-ADV2024090003 (20Lkhs) (2)
A1: Description | B1: Local PO Form No | C1: Amount | D1: Remark
A2: WW-ADV2024090019 | C2: 2000000 | D2: PWG-PCD-ADV-03-10-2024
A3: WW-PRT-PO-24090044 | B3: PG BU-LOCAL-ORD-073 | C3: 700000 | D3: Taw Win Tun
A4: WW-PRT-PO-24090045 | B4: PG BU-LOCAL-ORD-073 | C4: 1807000 | D4: S7 AnageGyi
A5: WW-PRT-PO-24090047 | B5: PG BU-LOCAL-ORD-074 | C5: 180000 | D5: Victor
A6: WW-PRT-PO-24090048 | B6: PG BU-LOCAL-ORD-074 | C6: 17000 | D6: Taw Win Tun
A7: WW-PRT-PO-24090049 | B7: PG BU-LOCAL-ORD-074 | C7: 10000 | D7: Ngwe La Thar
A8: WW-PRT-PO-24090050 | B8: PG BU-LOCAL-ORD-075 | C8: 195000 | D8: Ngwe La Thar
A9: Total Expance Amount | C9: =SUM(C3:C8) -> 2909000
A10: Balance Refund/Additional | C10: 909000

Sheet Just DO only
A1: Description | B1: Local PO Form No | C1: Amount | D1: Remark
A2: ADV-PWG-2024-09-00055 | C2: 6000000 | D2: ADV-PWG-2024-09-00055
A3: WW-PRT-PO-24090044 | B3: PG BU-LOCAL-ORD-073 | C3: 700000 | D3: Taw Win Tun
A4: WW-PRT-PO-24090045 | B4: PG BU-LOCAL-ORD-073 | C4: 1807000 | D4: S7 AnageGyi
A5: WW-PRT-PO-24090047 | B5: PG BU-LOCAL-ORD-074 | C5: 180000 | D5: Victor
A6: WW-PRT-PO-24090048 | B6: PG BU-LOCAL-ORD-074 | C6: 17000 | D6: Taw Win Tun
A7: WW-PRT-PO-24090049 | B7: PG BU-LOCAL-ORD-074 | C7: 10000 | D7: Ngwe La Thar
A8: WW-PRT-PO-24090050 | B8: PG BU-LOCAL-ORD-075 | C8: 195000 | D8: Ngwe La Thar
A9: Total Expance Amount | C9: =SUM(C3:C8) -> 2909000
A10: Balance Refund/Additional | C10: =C2-C9 -> 3091000

Sheet WW-ADV2024090019
A4: CASH ADVANCE CLEAR FORM
A6: Date : 8-Oct-2024
A7: BU/BR/Division : PWG BU
A8: Department : Procurement Dept;
A9: Advance Issue : 2,000,000Kyats/…….………USD
B10: No | C10: Issue Time | E10: Date | F10: Payment Voucher No | G10: Amount | I10: Descriptions
G11: USD | H11: Kyats
B12: 1 | C12: 1st Time Advance | E12: 45573 | F12: WW-ADV2024090019 | G12: - | H12: 2000000 | I12: Advance Payment , Mi Mi Ko [6208] ,for Local Purchased for Inventory and Customer Demand/Prospect Urgent ,(PWG-PCD-ADV-013-09-2024) ADV Amount =2,000,000 Ks
B13: 2 | C13: 2nd Time Advance
B14: 3 | C14: 3rd Time Advance
B15: Total Advance | H15: =H12 -> 2000000
B16: Total Actual | H16: 2909000
B17: Balance Refund/Additional | H17: =H15-H16 -> -909000
B19: Request By | D19: Checked By | F19: Checked By | H19: Approved By | I19: Approved By
B22: ……………………………. | D22: ……………………………. | F22: ……………………………. | H22: ……………………………. | I22: …………………………….
B23: Requester | D23: Mgr/DH | F23: Finance & Account | H23: GM/AGM/COO | I23: CMC
A24: Aye Thu Khaing Mi Mi Ko | F24: Lwin Lwin Aung | I24: 04-CFD-CAS-FRM-002-03

Sheet WW-ADV2024100010 30lakhs
A1: Description | B1: Local PO Form No | C1: Amount | D1: Remark
A2: ADV-PWG-2024-09-00028 | C2: 3000000 | D2: WW-ADV2024100010
A3: WW-PRT-PO-24100002 | B3: PG BU-LOCAL-ORD-076 | D3: Aung Hlaing Oo
A4: WW-PRT-PO-24100005 | B4: PG BU-LOCAL-ORD-079 | C4: 127000 | D4: Yar Su Thit
A5: WW-PRT-PO-24100007 | B5: PG BU-LOCAL-ORD-077 | C5: 1800000 | D5: SPMM
A6: WW-PRT-PO-24100008 | B6: PG BU-LOCAL-ORD-080 | C6: 12000 | D6: Ko Aung & Ma Nge
A7: WW-PRT-PO-24100009 | B7: PG BU-LOCAL-ORD-080 | C7: 12000 | D7: Miba Myttar
A8: WW-PRT-PO-24100012 | B8: PG BU-LOCAL-ORD-081 | C8: 23000 | D8: Ngwe LaThar
A9: WW-PRT-PO-24100013 | B9: PG BU-LOCAL-ORD-081 | C9: 30000 | D9: Aung Hlaing Oo
A10: WW-PRT-PO-24100014 | B10: PG BU-LOCAL-ORD-082 | C10: 7000 | D10: Ngwe Zin Yaw
A11: WW-PRT-PO-24100019 | B11: PG BU-LOCAL-ORD-083 | C11: 330000 | D11: Taw Win Tun
A12: WW-PRT-PO-24100021 | B12: PG BU-LOCAL-ORD-084 | C12: 50000 | D12: ST & SON
A13: WW-PRT-PO-24100022 | B13: PG BU-LOCAL-ORD-084 | C13: 30000 | D13: Smile Power
A14: WW-PRT-PO-24100023 | B14: PG BU-LOCAL-ORD-084 | C14: 270000 | D14: Taw Win Tun
A15: WW-PRT-PO-24100024 | B15: PG BU-LOCAL-ORD-084 | C15: 148000 | D15: Aung Hlaing Oo
A16: Total Expance Amount (MMK) | C16: =SUM(C3:C15) -> 2839000 | F16: Border Wooden Fee | H16: 76320
A17: Balance Refund/Additional (MMK) | C17: =C2-C16 -> 161000 | F17: Border Wooden Fee | H17: 65500
H18: =H16+H17 -> 141820
F19: To get | H19: =H18-C17 -> -19180
A21: WW-PRT-PO-24090044 | B21: PG BU-LOCAL-ORD-073 | C21: 700000 | D21: Taw Win Tun
A22: WW-PRT-PO-24090045 | B22: PG BU-LOCAL-ORD-073 | C22: 1807000 | D22: S7 AnageGyi
A23: WW-PRT-PO-24090047 | B23: PG BU-LOCAL-ORD-074 | C23: 180000 | D23: Victor
A24: WW-PRT-PO-24090048 | B24: PG BU-LOCAL-ORD-074 | C24: 17000 | D24: Taw Win Tun
A25: WW-PRT-PO-24090049 | B25: PG BU-LOCAL-ORD-074 | C25: 10000 | D25: Ngwe La Thar
A26: WW-PRT-PO-24090050 | B26: PG BU-LOCAL-ORD-075 | C26: 195000 | D26: Ngwe La Thar

Sheet AC-PWG-2024-11-00028 - 30lakhs
A1: Description | B1: Local PO Form No | C1: Amount | D1: Remark
A2: ADV-PWG-2024-10-00027/WW-ADV2024110011 | C2: 3000000
A3: WW-PRT-PO-24110014 | B3: PG BU-LOCAL-ORD-091 | C3: 105000 | D3: H&P
A4: WW-PRT-PO-24110016 | B4: PG BU-LOCAL-ORD-091 | C4: 1620000 | D4: TWT
A5: WW-PRT-PO-24110018 | B5: PG BU-LOCAL-ORD-093 | C5: 240000 | D5: SSL
A6: WW-PRT-PO-24110022 | B6: PG BU-LOCAL-ORD-094 | C6: 120000 | D6: VICTOR | G6: =5600*625 -> 3500000
A7: WW-PRT-PO-24110023 | B7: PG BU-LOCAL-ORD-094 | C7: 9500 | D7: BGW
A8: WW-PRT-PO-24110024 | B8: PG BU-LOCAL-ORD-094 | C8: 100857.8 | D8: Shwe Ein
A9: WW-PRT-PO-24110026 | B9: PG BU-LOCAL-ORD-097 | C9: 900000 | D9: SPMM
A10: WW-PRT-PO-24110027 | B10: PG BU-LOCAL-ORD-098 | C10: 30000 | D10: SMP
A11: WW-PRT-PO-24110029 | B11: PG BU-LOCAL-ORD-099 | C11: 15000 | D11: AHO
A12: Total Expance Amount (MMK) | C12: =SUM(C3:C11) -> 3140357.8 | F12: Border | G12: 88070
A13: Balance Refund/Additional (MMK) | C13: =C2-C12 -> -140357.8 | F13: Addition | G13: =-C13 -> 140357.8
F14: Balance | G14: 640000
G15: =SUM(G12:G14) -> 868427.8
G16: 29000
B17: Border | C17: 88070 | F17: Balance | G17: =SUM(G15:G16) -> 897427.8
B18: Addition | C18: =-C13 -> 140357.8 | F18: Pay | G18: =C8+C9 -> 1000857.8
C19: =SUM(C17:C18) -> 228427.8 | F19: To clear | G19: =G17-G18 -> -103430
B20: Bal | C20: 540000
B21: Total | C21: =SUM(C19:C20) -> 768427.8 | G21: 22000
C22: =C27-C21 -> 232430 | D22: =C22+C20 -> 772430 | G22: 8400
D23: =C19+D22 -> 1000857.8 | G23: 1000
G24: 3200
C25: =C8 -> 100857.8 | G25: =SUM(G21:G24) -> 34600
C26: =C9 -> 900000 | D26: 770000
B27: Total | C27: =SUM(C25:C26) -> 1000857.8 | D27: =D26+C19 -> 998427.8
D28: =D27-C27 -> -2430

Sheet AC-PWG-2025-01-00004 25lakhs
A1: Description | B1: Local PO Form No | C1: Amount | D1: Remark
A2: ADV-PWG-2024-12-00065 | C2: 2500000
A3: WW-PRT-PO-24120039 | B3: PG BU-LOCAL-ORD-110 | C3: 63000 | D3: MH
A4: WW-PRT-PO-24120041 | B4: PG BU-LOCAL-ORD-110 | C4: 156000 | D4: Unity Green | G4: =5600*625 -> 3500000
A5: WW-PRT-PO-24120032 | B5: PG BU-LOCAL-ORD-111 | C5: 750000 | D5: SPMM
A6: WW-PRT-PO-24120036 | B6: PG BU-LOCAL-ORD-112 | C6: 448544 | D6: PB Engineering
A7: WW-PRT-PO-24120038 | B7: PG BU-LOCAL-ORD-113 | C7: 722000 | D7: Htoo & Phoo
A8: Total Expance Amount (MMK) | C8: =SUM(C3:C7) -> 2139544
A9: Balance Refund/Additional (MMK) | C9: =C2-C8 -> 360456

Sheet AC-PWG-2025-01-00016 -20lkh
B1: Description | C1: Local PO Form No | D1: Amount | E1: Remark
B2: ADV-PWG-2025-01-00007 | D2: 2000000
B3: WW-PRT-PO-25010012 | C3: PG BU-LOCAL-ORD-117 /G BU-LOCAL-ORD-119 | D3: 118500 | E3: Htoo & Phoo
B4: WW-PRT-PO-25010011 | C4: PG BU-LOCAL-ORD-118 | D4: 750000 | E4: SPMM
B5: WW-PRT-PO-25010009 | C5: PG BU-LOCAL-ORD-119 | D5: 25000 | E5: Yar Su Thit
B6: WW-PRT-PO-25010013 | C6: PG BU-LOCAL-ORD-117 /G BU-LOCAL-ORD-119 | D6: 36000 | E6: Yar Su Thit
B7: WW-PRT-PO-25010023 | C7: PG BU-LOCAL-ORD-124 | D7: 55000 | E7: Yar Su Thit
B8: WW-PRT-PO-25010031 | C8: PG BU-LOCAL-ORD-129 | D8: 55000 | E8: Yar Su Thit
B9: WW-PRT-PO-25010029 | C9: PG BU-LOCAL-ORD-127 | D9: 10000 | E9: MKW&SON
B10: WW-PRT-PO-25010032 | C10: PG BU-LOCAL-ORD-129 | D10: 1140000 | E10: Taw Win Tun
B11: Total Expance Amount (MMK) | D11: =SUM(D3:D10) -> 2189500
B12: Balance Refund/Additional (MMK) | D12: =D2-D11 -> -189500
G17: KPAY | H17: 560000
G18: Cash | H18: 525000
G19: Total | H19: =SUM(H17:H18) -> 1085000
G20: Clear Bal | H20: =H19-D12 -> 1274500
G22: H&P | H22: 1833500
G23: Cash | H23: 1000000
G24: Total | H24: =H23+H22 -> 2833500
G25: ADV | H25: 3000000
H26: =H25-H24 -> 166500
H27: =H26-H20 -> -1108000

Sheet AC-PWG-2025-01-00027 - 30lskhs
B1: Description | C1: Local PO Form No | D1: Amount | E1: Remark
B2: ADV-PWG-2025-01-00027 | D2: 3000000
B3: WW-PRT-PO-25010037 | C3: PG BU-LOCAL-ORD-128 | D3: 1833500 | E3: Htoo & Phoo
B4: WW-PRT-PO-25010041 | C4: PG BU-LOCAL-ORD-134 | D4: 300000 | E4: Taw Win Tun
B5: WW-PRT-PO-25010035 | C5: PG BU-LOCAL-ORD-131 | D5: 402268 | E5: Kaung Htet Oo
B6: WW-PRT-PO-25010040 | C6: PG BU-LOCAL-ORD-134 | D6: 288000 | E6: Aung Hlaing Oo
B7: Total Expance Amount (MMK) | D7: =SUM(D3:D6) -> 2823768
B8: Balance Refund/Additional (MMK) | D8: =D2-D7 -> 176232
G17: KPAY | H17: 560000
G18: Cash | H18: 525000
G19: Total | H19: =SUM(H17:H18) -> 1085000
G20: Clear Bal | H20: =H19-D8 -> 908768
G22: H&P | H22: 1833500
G23: Cash | H23: 1000000
G24: Total | H24: =H23+H22 -> 2833500
G25: ADV | H25: 3000000
H26: =H25-H24 -> 166500
H27: =H26-H20 -> -742268

Sheet AC-PWG-2025-02-00001 - 34lakhs
A1: Description | B1: Local PO Form No | C1: Amount | D1: Remark
A2: ADV-PWG-2025-01-00035 | C2: 3400000
A3: WW-PRT-PO-25010045 | B3: PG BU-LOCAL-ORD-135 | C3: 260000 | D3: Swe Swe Lae
A4: WW-PRT-PO-25010038 | B4: PG BU-LOCAL-ORD-136 | C4: 1990000 | D4: Taw Win Tun
A5: WW-PRT-PO-25010048 | B5: PG BU-LOCAL-ORD-138 | C5: 62000 | D5: Yar Su Thit
A6: WW-PRT-PO-25010049 | B6: PG BU-LOCAL-ORD-138 | C6: 600400 | D6: Htun Nay Wun
A7: WW-PRT-PO-25010050 | B7: PG BU-LOCAL-ORD-139 | C7: 38000 | D7: Aung Hlaing Oo
A8: WW-PRT-PO-25010051 | B8: PG BU-LOCAL-ORD-140 | C8: 133000 | D8: Aung Hlaing Oo
A9: WW-PRT-PO-25020001 | B9: PG BU-LOCAL-ORD-141 | C9: 750000 | D9: Taw Win Tun
A10: WW-PRT-PO-25020002 | B10: PG BU-LOCAL-ORD-141 | C10: 550000 | D10: Shwe Myine
A11: Total Expance Amount (MMK) | C11: =SUM(C3:C10) -> 4383400
A12: Balance Refund/Additional (MMK) | C12: =C2-C11 -> -983400

Sheet AC-PWG-2025-02-00023 - 57lakhs
A1: Description | B1: Local PO Form No | C1: Amount | D1: Remark
A2: ADV-PWG-2025-02-00007 | C2: 5700000
A3: WW-PRT-PO-25010039 | B3: PG BU-LOCAL-ORD-133 | C3: 688305.89 | D3: DKSH
A4: WW-PRT-PO-25010020 | B4: PG BU-LOCAL-ORD-121 | C4: 1515072.8 | D4: DKSH
A5: WW-PRT-PO-25020006 | B5: PG BU-LOCAL-ORD-143 | C5: 27500 | D5: Htoo & Phoo
A6: WW-PRT-PO-25020009 | B6: PG BU-LOCAL-ORD-145 | C6: 280000 | D6: Aung Hlaing Oo
A7: WW-PRT-PO-25020012 | B7: PG BU-LOCAL-ORD-147 | C7: 969000 | D7: APS
A8: WW-PRT-PO-25020022 | B8: PG BU-LOCAL-ORD-150 | C8: 250000 | D8: Victor
A9: WW-PRT-PO-25020016 | B9: PG BU-LOCAL-ORD-150 / PG BU-LOCAL-ORD-148 | C9: 142000 | D9: Ngwe La Thar
A10: WW-PRT-PO-25020018 | B10: PG BU-LOCAL-ORD-152 | C10: 1140000 | D10: Taw Win Tun
A11: Total Expance Amount (MMK) | C11: =C8+C10+C6+C9+C5+C3+C4+C7 -> 5011878.7
A12: Balance Refund/Additional (MMK) | C12: =C2-C11 -> 688121.31

Sheet AC-PWG-2025-02-00027 - 85lakhs
A1: Description | B1: Local PO Form No | C1: Amount | D1: Remark
A2: ADV-PWG-2025-02-00028 | C2: 8500000
A3: WW-PRT-PO - 25020021 | B3: PG BU-LOCAL-ORD-149 | C3: 9093940 | D3: APS
A4: Total Expance Amount (MMK) | C4: =C3 -> 9093940
A5: Balance Refund/Additional (MMK) | C5: =C2-C4 -> -593940

Sheet AC-PWG-2025-03-00017 - 60lakhs
A1: Description | B1: Local PO Form No | C1: Amount | D1: Remark
A2: ADV-PWG-2025-03-00001 | C2: 6000000
A3: WW-PRT-PO - 25030010 | B3: PG BU-LOCAL-ORD-167 | C3: 65000 | D3: Victor
A4: WW-PRT-PO - 25030005 | B4: PG BU-LOCAL-ORD-164 | C4: 1785500 | D4: Htoo&Phoo
A5: WW-PRT-PO - 25030011 | B5: PG BU-LOCAL-ORD-167 | C5: 16000 | D5: Htoo&Phoo
A6: WW-PRT-PO - 25030006 | B6: PG BU-LOCAL-ORD-165 | C6: 1900000 | D6: Taw Win Tun
A7: WW-PRT-PO - 25030008 | B7: PG BU-LOCAL-ORD-165 | C7: 2875000 | D7: Arr Yone Oo
A8: Total Expance Amount (MMK) | C8: =C3+C4+C5+C6+C7 -> 6641500
A9: Balance Refund/Additional (MMK) | C9: =C2-C8 -> -641500

Sheet Local - 50lakhs
A1: Description | B1: Local PO Form No | C1: Amount | D1: Remark
A2: ADV-PWG-2025-03-00010 | C2: 5000000
A3: WW-PRT-PO-25030016 | B3: PG BU-LOCAL-ORD-168 | C3: 760000 | D3: Taw Win Tun
A4: WW-PRT-PO-25030019 | B4: PG BU-LOCAL-ORD-169 | C4: 760000 | D4: Taw Win Tun
A5: WW-PRT-PO-25030023 | B5: PG BU-LOCAL-ORD-169/ PG BU-LOCAL-ORD-170 | C5: 608000 | D5: Aung Hlaing Oo
A6: WW-PRT-PO-25030018 | B6: PG BU-LOCAL-ORD-169 | C6: 300000 | D6: Aung Hlaing Oo
A7: WW-PRT-PO-25020031 | B7: PG BU-LOCAL-ORD-154 | C7: 655000 | D7: Truckhub
A8: WW-PRT-PO-25030029 | B8: PG BU-LOCAL-ORD-178 | C8: 2140000 | D8: Htoo&Phoo
A9: Total Expance Amount (MMK) | C9: =SUM(C3:C8) -> 5223000
A10: Balance Refund/Additional (MMK) | C10: =C2-C9 -> -223000

Sheet Local - 55lakhs
A1: Description | B1: Local PO Form No | C1: Amount | D1: Remark
A2: ADV-PWG-2025-03-00017 | C2: 5500000
A3: WW-PRT-PO-25030016 | B3: PG BU-LOCAL-ORD-168 | C3: 760000 | D3: Taw Win Tun
A4: WW-PRT-PO-25030019 | B4: PG BU-LOCAL-ORD-169 | C4: 760000 | D4: Taw Win Tun
A5: WW-PRT-PO-25030023 | B5: PG BU-LOCAL-ORD-169/ PG BU-LOCAL-ORD-170 | C5: 608000 | D5: Aung Hlaing Oo
A6: WW-PRT-PO-25030018 | B6: PG BU-LOCAL-ORD-169 | C6: 300000 | D6: Aung Hlaing Oo
A7: WW-PRT-PO-25020031 | B7: PG BU-LOCAL-ORD-154 | C7: 655000 | D7: Truckhub
A8: WW-PRT-PO-25030029 | B8: PG BU-LOCAL-ORD-178 | C8: 2140000 | D8: Htoo&Phoo
A9: Total Expance Amount (MMK) | C9: =SUM(C3:C8) -> 5223000
A10: Balance Refund/Additional (MMK) | C10: =C2-C9 -> 277000
